Cogmind - Beta 11.1 @@@ ROGUE MODE // 2022.10.01 @ 02:25:09 Player: Pogmind Result: Establishing 0b11! Performance ------------- Evolutions (9) 4500 Regions Visited (37) 7400 Robots Destroyed (955) 4775 Value Destroyed (53329) 53329 Prototype IDs (327) 6540 Alien Tech Used (14) 2800 Bonus (81227) 81227 TOTAL SCORE: 160571 Bonus ------- Triggered High Security 1000 High Alert Combat Kills 23620 Follower Combat Kills 1765 Aligned with FarCom 300 Met Data Miner 300 Used Data Conduit 3000 Met Imprinter 300 Destroyed Z-Imprinter 1000 Triggered Deep Caves Wall 500 Exposed GOLEM Chamber 500 Met Zhirov 300 Met Warlord at Base 500 MAIN.C Attacked Warlord 500 Warlord Defense Kills 1644 Found Hidden Lab 3000 Decrypted A0 Command 3000 Scanned by Researcher 500 Pursued by Intercept 3500 Recovered Sigix Corpse 2000 Destroyed MAIN.C Guards 500 Destroyed MAIN.C Shell 5000 Destroyed MAIN.C 10000 Met Architect 300 Destroyed A6 400 Destroyed A4 700 Destroyed A3 800 Destroyed A2 1000 Destroyed Architect 15000 Win 3000 Friendly Fire -2702 Cogmind --------- Core Integrity 1007/1600 Matter 265/300 Energy 1087/1100 System Corruption 0% Temperature Cool (14) Movement Treading (260) Ox1 Location 0b11 Command Parts ------- > --- POWER (3) -------- Singularity Reactor > --- PROPULSION (4) --- Armored Heavy Treads Improved Heavy Siege Treads > --- UTILITY (15) ----- Huge Storage Unit Spectral Analyzer Assembled Combat Suite Experimental Targeting Computer Experimental Targeting Computer Experimental Target Analyzer Experimental Armor Integrity Analyzer Precision Matter Filter Experimental Weapon Cycler Assembled Alloy Armor Experimental Powered Armor Experimental Powered Armor Heavy Regenerative Plating Advanced Force Field > --- WEAPON (4) ------- Perforator Omega Cannon > --- INVENTORY (25) --- Vortex Chain Reactor Experimental Power Amplifier Experimental Cooling System Coolant Network Experimental Energy Well (600) YI-UF0's Bottomless Matter Pit (1325) Advanced Kinecellerator Experimental Powered Armor Improved Force Field Long-range Tractor Beam Microwarp Drive L-Cannon (18) Z-bomb Delivery System Advanced Remote Datajack Advanced Remote Datajack Sigix Corpse Peak State ------------ > --- POWER ------------ Singularity Reactor > --- PROPULSION ------- Armored Heavy Treads Improved Heavy Siege Treads > --- UTILITY ---------- Huge Storage Unit Experimental Optical Array Assembled Combat Suite Experimental Targeting Computer Experimental Targeting Computer Experimental Target Analyzer Experimental Armor Integrity Analyzer Precision Matter Filter Experimental Weapon Cycler Experimental Cloaking Device Experimental Cloaking Device Assembled Alloy Armor Experimental Powered Armor Experimental Powered Armor Advanced Force Field > --- WEAPON ----------- Perforator Omega Cannon > --- INVENTORY -------- Vortex Chain Reactor Experimental Power Amplifier Experimental Cooling System Coolant Network Experimental Energy Well YI-UF0's Bottomless Matter Pit Experimental Targeting Computer Advanced Kinecellerator Centrium Heavy Armor Plating Thermal Barrier Improved Force Field Long-range Tractor Beam High-powered Transdimensional Reconstructor Microwarp Drive L-Cannon Z-bomb Delivery System Advanced Remote Datajack Advanced Remote Datajack [Rating: 262] Favorites ----------- Power Assembled Flux Generator Engine Reinforced Ion Engine Power Core Light Fission Core Reactor Assembled Flux Generator Propulsion Assembled Alloy Leg Treads Light Treads Leg Assembled Alloy Leg Wheel Armored Wheel Hover Unit Zionite Glidesys I Flight Unit Improved Flight Unit Utility Huge Storage Unit Device Assembled Combat Suite Storage Huge Storage Unit Processor Experimental Targeting Computer Hackware System Mapper Protection Assembled Alloy Armor Artifact LC Capacitor Weapon Assembled Focal Cannon Energy Gun Gatling Laser Energy Cannon Assembled Focal Cannon Ballistic Gun 8R-AWN's Boregun Ballistic Cannon Perforator Launcher Tactical Quantum Warhead Special Weapon Advanced Remote Datajack Impact Weapon Heavy Mace Slashing Weapon Axe Piercing Weapon CR-A16's Behemoth Slayer Build | -11 -10 -10 -9 -9 -9 -8 -8 -7 -7 -7 -7 -7 -6 -6 -6 -6 -6 -5 -5 -5 -5 -5 -4 -4 -4 -4 -4 -3 -3 -3 -3 -2 -2 -2 -1 -1 -1 ------- Run | Scr Mat Min Mat Min Exi Min Mat Fac Low Low Zio Dee Pro Fac Low Low Dat Pro Fac Upp Upp Zhi Pro Fac Upp Upp War Pro Res Arm Lab Res Tes Sec Acc Com Ac0 Slots Evolved 18 | . . . 2 . . . 2 2 . . . . . 2 . . . . 2 . . . . 2 . . . . 2 . . 2 . . 2 . . Power 2 | . . . . . . . . . . . . . . 1 . . . . . . . . . . . . . . . . . 1 . . . . . Propulsion 2 | . . . 1 . . . . . . . . . . . . . . . . . . . . . . . . . . . . . . . 1 . . Utility 12 | . . . 1 . . . 2 2 . . . . . 1 . . . . 2 . . . . 2 . . . . 2 . . . . . . . . Weapon 2 | . . . . . . . . . . . . . . . . . . . . . . . . . . . . . . . . 1 . . 1 . . Parts Attached 913 | 7 13 5 53 11 52 2 53 14 13 24 8 60 11 21 10 6 9 21 17 4 1 8 5 20 17 15 8 14 9 15 36 10 32 36 29 158 86 Power 39 | 1 . . 3 1 5 1 4 . . 1 . 5 . . . . . . . . . . . . . . . . . . . 3 1 . 2 8 4 Engine 14 | 1 . . 3 1 4 . 4 . . . . 1 . . . . . . . . . . . . . . . . . . . . . . . . . Core 4 | . . . . . 1 1 . . . 1 . 1 . . . . . . . . . . . . . . . . . . . . . . . . . Reactor 21 | . . . . . . . . . . . . 3 . . . . . . . . . . . . . . . . . . . 3 1 . 2 8 4 Propulsion 98 | 2 . . 12 2 8 1 14 1 . 4 1 8 1 2 . . 2 . . . . . . 1 . . 1 . . . . . . . 3 29 6 Treads 58 | 2 . . 10 2 7 1 12 1 . 3 . 2 . . . . . . . . . . . . . . . . . . . . . . 1 15 2 Leg 30 | . . . . . 1 . . . . . . 2 1 2 . . 2 . . . . . . 1 . . 1 . . . . . . . 2 14 4 Wheel 5 | . . . 1 . . . 2 . . 1 1 . . . . . . . . . . . . . . . . . . . . . . . . . . Hover 4 | . . . . . . . . . . . . 4 . . . . . . . . . . . . . . . . . . . . . . . . . Flight 1 | . . . 1 . . . . . . . . . . . . . . . . . . . . . . . . . . . . . . . . . . Utility 521 | 2 2 1 8 . 21 . 15 4 8 9 3 30 8 13 10 5 2 19 17 3 1 8 5 18 16 15 5 14 9 14 24 7 20 28 13 89 55 Device 331 | 1 1 . 2 . 5 . 2 1 5 8 2 15 7 7 5 3 . 17 16 3 1 7 5 12 14 14 4 13 5 11 12 4 13 14 8 57 37 Storage 29 | 1 1 . 1 . 3 . 1 . . . . 3 1 3 . . . 1 . . . 1 . 2 1 . . . . 1 3 . . . 1 5 . Processor 27 | . . 1 2 . . . . 3 . . . 1 . . 1 . . . . . . . . 2 . . . . 1 . . 1 1 1 . 8 5 Hackware 7 | . . . . . . . . . . . . . . 1 . . . . . . . . . . . . . . 2 . 1 . 1 1 . . 1 Protection 111 | . . . 3 . 13 . 12 . 3 1 1 11 . 2 4 2 2 1 1 . . . . 2 1 1 1 1 1 2 7 1 5 4 2 15 12 Artifact 16 | . . . . . . . . . . . . . . . . . . . . . . . . . . . . . . . 1 1 . 8 2 4 . Weapon 255 | 2 11 4 30 8 18 . 20 9 5 10 4 17 2 6 . 1 5 2 . 1 . . . 1 1 . 2 . . 1 12 . 11 8 11 32 21 Energy Gun 43 | . . . 1 . 4 . 9 4 3 4 3 7 . . . . . . . . . . . . . . 1 . . . 4 . . . . 1 2 Energy Cannon 36 | . 1 . 14 4 2 . 7 . . . . . . . . 1 . . . . . . . . . . . . . . . . . . . 4 3 Ballistic Gun 40 | 2 1 1 4 . 7 . 1 2 2 . . 8 2 2 . . 2 . . . . . . . . . . . . . 5 . . . . 1 . Ballistic Cannon 51 | . 6 2 6 . . . . . . . . . . . . . 2 1 . . . . . . . . . . . . . . 1 6 2 10 15 Launcher 39 | . 3 1 4 4 2 . 1 1 . 5 . . . 2 . . . . . . . . . . . . . . . . . . 6 . 3 7 . Special Weapon 4 | . . . . . . . . . . . . . . . . . . . . . . . . . . . . . . . 1 . . . . 2 1 Impact Weapon 7 | . . . . . . . 2 2 . . 1 2 . . . . . . . . . . . . . . . . . . . . . . . . . Slashing Weapon 5 | . . . 1 . 3 . . . . 1 . . . . . . . . . . . . . . . . . . . . . . . . . . . Piercing Weapon 30 | . . . . . . . . . . . . . . 2 . . 1 1 . 1 . . . 1 1 . 1 . . 1 2 . 4 2 6 7 . Special Melee Weapon . | . . . . . . . . . . . . . . . . . . . . . . . . . . . . . . . . . . . . . . Unidentified Prototypes 57 | . . . 4 . 7 . 7 . . . . 9 . . 1 1 . . . . . 1 . . . . 1 . 1 1 7 1 2 5 . 5 4 Parts Lost 77 | . . . 6 1 9 . 10 . . 8 . 14 1 8 2 1 . . . . . . . 3 . . . . 1 . . . 2 1 . 10 . Power 10 | . . . 1 1 1 . 1 . . 1 . 2 . 1 . . . . . . . . . . . . . . . . . . . 1 . 1 . Propulsion 20 | . . . 4 . 2 . 4 . . 3 . 4 1 1 . . . . . . . . . . . . . . . . . . 1 . . . . Utility 41 | . . . . . 5 . 4 . . 4 . 8 . 5 2 . . . . . . . . 3 . . . . . . . . 1 . . 9 . Weapon 6 | . . . 1 . 1 . 1 . . . . . . 1 . 1 . . . . . . . . . . . . 1 . . . . . . . . Highest Loss Streak 8 | . . . 2 1 8 . 4 . . 3 . 6 1 4 1 1 . . . . . . . 1 . . . . 1 . . . 1 1 . 3 . To Critical Strikes 2 | . . . . . 2 . . . . . . . . . . . . . . . . . . . . . . . . . . . . . . . . Average Slot Usage (%) 84 | . 100 100 99 99 84 88 97 99 100 89 96 66 87 85 83 86 86 82 80 77 77 72 76 80 81 79 80 79 84 85 69 75 76 73 79 76 72 Engine 2 | . 14 14 10 10 9 8 6 7 7 . . . . . . . . . . . . . . . . . . . . . . . . . . . . Reactor 3 | . . . . . . . . . . . . 4 7 5 6 6 6 6 5 5 5 5 5 5 5 5 5 4 4 4 3 6 8 5 6 6 3 Treads 11 | . 28 28 32 32 32 33 26 23 23 22 22 4 . . . . . . . . . . . . . . . . . . . . . . . 4 6 Leg 6 | . . . . . . . . . . . . 6 19 19 20 19 17 17 16 16 16 15 15 15 14 15 15 15 13 13 12 12 11 7 10 5 . Device 16 | . 14 10 8 11 3 11 8 12 14 28 34 11 15 12 9 9 12 13 22 27 27 22 27 27 25 25 33 30 21 24 19 16 15 15 15 14 14 Storage 9 | . 14 14 11 11 8 11 9 7 7 7 7 7 14 17 13 12 12 11 11 11 11 11 11 10 11 10 10 10 13 13 10 12 12 12 11 10 3 Processor 7 | . . 3 8 11 1 . . 9 12 7 6 . 7 6 11 12 12 10 . . . . . 3 5 5 5 5 5 2 . 1 5 8 11 10 18 Protection 9 | . . . 5 . 11 11 26 23 18 1 . 3 6 6 1 11 11 10 13 5 5 5 5 9 9 9 1 5 8 8 7 7 4 2 6 11 15 Energy Gun 3 | . . . . . 1 11 6 12 14 9 8 4 . . . . . . . . . . . . . . . . . . . . . . . . . Energy Cannon 5 | . 6 . 12 21 3 . 8 . . . . 3 10 9 12 12 3 1 11 5 5 5 4 6 5 5 5 4 5 8 4 4 9 10 10 8 . Ballistic Cannon 1 | . 12 26 3 . . . . . . . . . . . . . 1 9 . . . . . . . . . . . . . . . . . . 6 Naked Turns . | . . . . . . . . . . . . . . . . . . . . . . . . . . . . . . . . . . . . . . Heaviest Build 273 | 12 90 90 99 99 107 96 124 129 121 121 175 179 128 161 175 175 171 169 188 181 165 165 166 188 177 179 176 176 178 186 189 222 234 224 238 273 254 Greatest Support 170 | 40 40 40 60 60 60 62 62 64 64 73 73 75 75 75 75 75 88 108 88 88 88 108 88 88 60 60 85 105 105 85 105 85 85 60 120 170 135 Greatest Overweight (x) 40 | . 2 2 8 8 1 1 8 2 40 33 14 14 4 2 2 2 2 1 2 2 1 1 1 2 2 2 2 2 2 2 2 2 7 6 3 4 7 Average Overweight (x) 2 | . 1 2 1 1 . 1 1 1 11 15 1 3 1 1 2 2 1 . 1 1 1 . 1 1 2 2 1 1 1 1 1 2 2 3 2 1 1 Largest Inventory Capacity 25 | 8 25 25 25 25 25 25 25 25 25 25 25 25 25 25 25 25 25 25 25 25 25 25 25 25 25 25 25 25 25 25 25 25 25 25 25 25 25 Average Capacity 24 | 7 24 25 25 25 19 25 25 25 25 25 25 16 24 25 25 25 25 21 25 25 25 24 25 25 25 25 25 25 25 25 20 25 25 25 25 24 25 Most Carried 25 | 4 24 25 25 25 25 25 25 25 25 25 25 25 25 25 25 25 25 25 25 25 25 25 25 25 25 25 25 25 25 25 25 25 25 25 25 25 25 Average Carried 22 | 2 15 24 24 24 17 25 23 24 24 24 24 16 24 23 24 22 23 20 24 24 24 22 24 24 24 24 24 24 24 24 18 24 24 23 24 21 22 Final Capacity 25 | 8 25 25 25 25 25 25 25 25 25 25 25 25 25 25 25 25 25 25 25 25 25 25 25 25 25 25 25 25 25 25 25 25 25 25 25 25 25 Final Carried 25 | 4 24 25 25 24 25 25 25 25 25 25 25 25 25 25 22 25 25 25 25 25 25 25 25 25 25 25 25 25 25 24 25 25 25 24 25 25 22 Class Distribution -------------------- 35% | Mutant 12% | Scavenger-Mutant 11% | Trapper-Mutant 10% | Generator-Mutant 7% | Golem 6% | Generator-Gunner 4% | Generator-Golem 4% | Generator-Tank 3% | Generator-Skirmisher Dominant Class ---------------- Mutant | -10/Materials Mutant | -10/Mines Mutant | -9/Materials Mutant | -9/Mines Scavenger-Mutant | -9/Exiles Scavenger-Mutant | -8/Mines Scavenger-Mutant | -8/Materials Mutant | -7/Factory Mutant | -7/Lower Caves Trapper-Mutant | -7/Lower Caves Trapper-Mutant | -7/Zion Mutant | -7/Deep Caves Golem | -6/Proximity Caves Golem | -6/Factory Mutant | -6/Lower Caves Mutant | -6/Lower Caves Scavenger-Mutant | -6/Data Miner Mutant | -5/Proximity Caves Mutant | -5/Factory Mutant | -5/Upper Caves Mutant | -5/Upper Caves Mutant | -5/Zhirov Mutant | -4/Proximity Caves Mutant | -4/Factory Mutant | -4/Upper Caves Golem | -4/Upper Caves Mutant | -4/Warlord Mutant | -3/Proximity Caves Hacker-Golem | -3/Research Hacker-Mutant | -3/Armory Hacker-Golem | -3/Lab Generator-Golem | -2/Research Generator-Golem | -2/Testing Generator-Golem | -2/Section 7 Generator-Golem | -1/Access Generator-Mutant | -1/Command Generator-Mutant | -1/Access_0 Resources | -11 -10 -10 -9 -9 -9 -8 -8 -7 -7 -7 -7 -7 -6 -6 -6 -6 -6 -5 -5 -5 -5 -5 -4 -4 -4 -4 -4 -3 -3 -3 -3 -2 -2 -2 -1 -1 -1 ----------- Run | Scr Mat Min Mat Min Exi Min Mat Fac Low Low Zio Dee Pro Fac Low Low Dat Pro Fac Upp Upp Zhi Pro Fac Upp Upp War Pro Res Arm Lab Res Tes Sec Acc Com Ac0 Matter Collected 30459 | 314 332 286 2302 198 1112 251 492 304 156 381 . 1567 310 881 2643 1318 364 857 103 117 10 110 50 221 180 150 80 120 118 152 50 788 830 1051 846 7520 3895 Remotely 3193 | . . . . . . . . . . . . . . . . . . . . . . . . . . . . . . . . . . . . 2325 868 Salvage Created 54830 | 119 442 174 2613 415 633 470 1627 669 69 735 . 1811 1125 2579 548 177 105 179 714 224 167 97 389 2492 1011 874 744 766 1529 1413 . 950 2266 2628 2502 18478 3096 Parts 2491 | 12 39 13 151 43 82 24 86 46 4 19 . 60 42 127 26 7 6 12 53 12 9 2 15 111 47 34 38 34 67 69 . 43 99 137 136 631 155 Haulers Intercepted 15 | . 1 . 6 . . . 4 . . . . . . . . . . . . . . . . . . . . 1 2 . . 1 . . . . . Recyclers Shooed 21 | 1 1 . 3 . . . 5 . . . . . . 4 . . . . . . . . . 1 . . . . . . . . . . 3 3 . Parts Field Recycled . | . . . . . . . . . . . . . . . . . . . . . . . . . . . . . . . . . . . . . . Retrieved Matter . | . . . . . . . . . . . . . . . . . . . . . . . . . . . . . . . . . . . . . . Parts Self-Destructed 311 | . . . . . . . . . 2 20 . . 37 . 15 23 . 38 . 18 14 2 22 . 47 39 . 34 . . . . . . . . . Prevented 13 | . . . . . . . . . 3 2 . . . . . . . . . 1 4 . . . . . . 3 . . . . . . . . . Kills | -11 -10 -10 -9 -9 -9 -8 -8 -7 -7 -7 -7 -7 -6 -6 -6 -6 -6 -5 -5 -5 -5 -5 -4 -4 -4 -4 -4 -3 -3 -3 -3 -2 -2 -2 -1 -1 -1 ------- Run | Scr Mat Min Mat Min Exi Min Mat Fac Low Low Zio Dee Pro Fac Low Low Dat Pro Fac Upp Upp Zhi Pro Fac Upp Upp War Pro Res Arm Lab Res Tes Sec Acc Com Ac0 Combat Hostiles Destroyed 800 | . 15 7 40 19 4 15 28 13 1 21 . 21 15 38 10 3 1 10 12 3 4 . 8 38 14 11 12 9 17 18 . 9 35 31 32 240 46 Melee 2 | . . . . . 2 . . . . . . . . . . . . . . . . . . . . . . . . . . . . . . . . Guns 90 | . 2 . . . . 15 20 9 1 7 . 16 . 5 . . 1 . . . . . . . . . . . . . . 9 5 . . . . Cannons 549 | . 4 4 25 7 . . 7 . . . . 3 15 22 10 3 . 10 8 3 4 . 8 36 14 11 11 9 16 17 . . 20 31 21 185 45 AOE 137 | . 9 3 10 11 2 . . 3 . 12 . . . 11 . . . . 4 . . . . 2 . . . . . . . . 10 . 10 50 . Classes Destroyed 37 | 2 7 2 2 . 2 . 2 1 1 1 . 3 1 1 2 . . . . . . . . . . . 3 . . . . 1 2 . . 4 . Worker 45 | . 1 2 4 . . 1 1 5 . . . . . 1 . . . . 2 . . . . . . . . . . . . . 4 2 2 20 . Builder 24 | . 1 . . 1 . . . 2 . . . . . 3 . . . . 4 . . . . . . . . . . . . . 6 3 4 . . Tunneler 9 | 3 . . 2 1 . . . 2 . . . . . 1 . . . . . . . . . . . . . . . . . . . . . . . Hauler 15 | . 1 . 6 . . . 4 . . . . . . . . . . . . . . . . . . . . 1 2 . . 1 . . . . . Recycler 36 | 1 1 . 9 2 . . 4 1 . . . . . 5 . . . . 1 . . . . . . . . . . . . . . . 2 10 . Carrier 9 | . . . . . . . . . . . . . . . . . . . . . . . . . . . . . . . . . . . . 9 . Minesweeper 5 | . . . . . . . . . 1 . . . . . 1 . . . . 1 . . . . 1 1 . . . . . . . . . . . Mechanic 14 | . . . . . . . . . . 1 . . . . . . . . . . . . . . . . . . . . . . . . . 13 . Operator 11 | . 1 . 3 . . . . . . . . . . . . . . . . . . . . 1 . . . . . . . . . 3 . 3 . Drone 3 | . . . . . . . . . . . . 3 . . . . . . . . . . . . . . . . . . . . . . . . . Turret 1 | . . . . . 1 . . . . . . . . . . . . . . . . . . . . . . . . . . . . . . . . Watcher 35 | . 3 . 5 . . . 5 3 . . . . . 3 . . . . 1 . . . . 2 . . . . 1 1 . 1 . 3 3 4 . Swarmer 117 | . 9 3 6 17 . 9 11 . . 5 . . 8 2 4 . . 6 4 . 2 . 4 3 3 . 3 . . . . . . 1 . 17 . Cutter 12 | . . . . . . . . . . . . . . . . . . . . . . . . . . . . . . . . . . . . 12 . Saboteur 12 | . . . . . . . . . . . . . . 1 . . . . . . . . . . . . . . . . . . 1 . 1 9 . Grunt 214 | . 6 1 22 2 . 5 9 8 1 10 . . 4 20 3 1 . 3 . 2 1 . . 13 2 10 4 5 . 7 . 2 8 3 8 54 . Brawler 27 | . . . . . . . 1 . . 3 . . . . . 1 . . . . . . . . . . . . . . . . 1 3 2 16 . Duelist 21 | . . . 2 . . 1 . . . 1 . . . 3 . . . . . . . . . . 3 . . . . . . . 1 1 2 7 . Protector 15 | . . . . . . . . . . . . . . . . . . . . . . . . . . . 1 . . . . . . . 1 13 . Researcher 3 | . . . . . . . . . . . . . . . . . . . . . . . . . . . . . . . . . 1 2 . . . Sentry 46 | . . . 10 . . . 6 . . 1 . . 1 3 1 1 . . 1 1 1 . . 1 2 . . . 2 3 . 1 1 2 1 7 . Demolisher 2 | . . 1 . . . . . . . . . . . . . . . . . . . . . . . . . . . 1 . . . . . . . Specialist 24 | . . . . . . . . . . . . . . . . . . . . . . . . . . . . . . . . . 1 4 . 19 . Hunter 56 | . . . . . . . 1 . . 1 . . 2 3 1 . . 1 3 . . . 3 4 4 . . 4 2 2 . . 5 2 4 14 . Programmer 110 | . . . . . . . . 5 . . . . . 6 . . . . 4 . . . 1 13 . 1 . . 8 5 . 2 12 14 9 30 . Heavy 2 | . . . . . . . . . . . . . . . . . . . . . . . . . . . . . . . . . . . . 2 . Behemoth 7 | . . . . . . . . . . . . . . . . . . . . . . . . . . . 1 . 1 . . . . . 1 4 . Enhanced Grunt 25 | . . . . . . . . . . . . . . . . . 1 . . . . . . . . . . . . . . . . . . . 24 Enhanced Sentry 3 | . . . . . . . . . . . . . . . . . . . . . . . . . . . . . . . . . . . . . 3 Enhanced Hunter 4 | . . . . . . . . . . . . . . . . . . . . . . . . . . . . . . . . . . . . . 4 Enhanced Programmer 10 | . . . . . . . . . . . . . . . . . . . . . . . . . . . . . . . . . . . . . 10 Tracker 8 | . . . . . . . . . . . . . . . . . . . . . . . . 2 . . . . 2 . . . 2 . 2 . . Combat Programmer 8 | . . . . . . . . . . . . . . . . . . . . . . . . 2 . . . . 2 . . . 2 1 1 . . Investigator 4 | . . . . . . . . . . . . . . . . . . . . . . . . . . . . . . . . . . . . 4 . Striker 23 | . . . . . . . . . . . . . . . . . . . . . . . . . . . 3 . . . . 1 . . . 19 . Executioner 17 | . . . . . . . . . . . . . . . . . . . . . . . . . . . . . . . . 3 . . . 14 . Alpha 7 2 | . . . . . . . . . . . . . . . . . . . . . . . . . . . . . . . . . . . . 2 . Protovariant Y 1 | . . . . . . . . . . . . . . . . . . . . . . . . . . . . . . . . . 1 . . . . Zionite 7 | . . . . . 7 . . . . . . . . . . . . . . . . . . . . . . . . . . . . . . . . Z-Light 8 | . . . . . . . . . . . . 8 . . . . . . . . . . . . . . . . . . . . . . . . . Packrat 2 | . . . . . . . . . . . . . . . . . . . . . . . . . 1 1 . . . . . . . . . . . Samaritan 1 | . . . . . . . . . . . . . 1 . . . . . . . . . . . . . . . . . . . . . . . . Tinkerer 1 | . . . . . . . . . . . . . . . 1 . . . . . . . . . . . . . . . . . . . . . . Master Thief 1 | . . . . . . . . . . . . . . . 1 . . . . . . . . . . . . . . . . . . . . . . Assembled 17 | . . 2 . . 7 . . . . . . 8 . . . . . . . . . . . . . . . . . . . . . . . . . Golem 5 | . . . . . . . . . . . . 5 . . . . . . . . . . . . . . . . . . . . . . . . . Best Kill Streak 45 | 4 5 3 10 5 5 6 4 8 1 8 . 6 4 12 3 2 1 5 8 1 2 . 4 10 9 3 9 5 5 4 . 4 6 8 7 45 4 Combat Bots Only 37 | . 3 3 6 5 3 6 4 4 1 8 . 6 4 11 3 2 1 5 5 1 2 . 4 9 9 3 9 5 4 4 . 4 6 5 5 37 4 Max Kills in Single Turn 7 | 1 3 3 4 4 4 1 1 2 1 3 . 2 1 3 1 1 1 1 7 1 1 . 1 2 1 1 1 1 1 1 . 1 4 4 3 7 2 Gunslinging 1 | . . . . . . . . . . . . 1 . . . . . . . . . . . . . . . . . . . . . . . . . Exploded 6 | . 2 3 4 4 2 . . 1 . 3 . . . 3 . . . . 4 . . . . 2 . . . . . . . . 3 . 3 6 . Melee 1 | . . . . . 1 . . . . . . . . . . . . . . . . . . . . . . . . . . . . . . . . Uniques/NPCs Destroyed 12 | . . 1 . . 4 . . . . . . 1 . . . . . . . . . . . . . . . . . . . . . . . 1 5 YI-UF0 (-10/Mines) 8R-AWN (-9/Exiles) EX-DEC (-9/Exiles) EX-BIN (-9/Exiles) EX-HEX (-9/Exiles) Z-Imprinter (-7/Deep Caves) MAIN.C (-1/Command) Architect (-1/Access_0) A6 (-1/Access_0) A4 (-1/Access_0) A3 (-1/Access_0) A2 (-1/Access_0) Combat | -11 -10 -10 -9 -9 -9 -8 -8 -7 -7 -7 -7 -7 -6 -6 -6 -6 -6 -5 -5 -5 -5 -5 -4 -4 -4 -4 -4 -3 -3 -3 -3 -2 -2 -2 -1 -1 -1 -------- Run | Scr Mat Min Mat Min Exi Min Mat Fac Low Low Zio Dee Pro Fac Low Low Dat Pro Fac Upp Upp Zhi Pro Fac Upp Upp War Pro Res Arm Lab Res Tes Sec Acc Com Ac0 Damage Taken 39960 | . 300 331 1201 312 1177 233 1482 465 22 1378 . 2150 957 2777 926 218 . 1399 484 17 59 . 307 1650 452 33 148 174 1374 622 197 665 3021 3487 1752 8310 1880 Core 4258 | . 67 71 181 49 80 15 124 . . 89 . 337 150 220 110 . . 104 45 . . . 17 114 60 . 28 . 152 70 23 39 221 949 203 649 91 Absorbed by Shields 7870 | . . . . . . . . 76 . . . . . . . . . . . . . . . 223 . . . . . . . . . . . 5640 1931 Reduced by Siege Mode 484 | . . . . . . . . . . . . . . . . . . . . . . . . . . . . . . . . . . . . 360 124 Redirected to Shielding 836 | . . . . . . . . . . . . 512 . 167 . . . . . . . . . . . . . . . . . . 157 . . . . Regen/Repaired (Parts) 8297 | . . . . . . . 56 . . . . . . 21 . . . . . . . . . . . . . . . 21 . 215 855 876 835 4368 1050 Core Remaining (%) 57 | 100 . 44 . . . 18 77 . . . . . 17 . . . . 48 . . . . 93 . . . . 82 . . 73 . . 13 . . 62 Volleys Fired 2524 | 11 37 49 141 16 63 . 53 38 3 38 . 89 47 123 76 11 6 42 75 15 13 . 44 170 48 104 59 73 102 85 8 37 116 100 73 434 125 Largest 4 | 2 2 2 2 2 2 . 2 2 2 2 . 2 2 2 2 2 2 2 2 1 1 . 1 1 1 1 1 1 1 2 1 3 3 3 3 3 4 Hottest 900 | 40 95 70 136 136 66 . 160 160 160 160 . 60 60 64 50 90 60 114 50 25 25 . 25 25 25 25 25 25 25 50 80 85 100 125 100 900 900 Shots Fired 3729 | 22 62 66 277 27 102 49 124 72 6 59 . 160 94 175 152 20 11 76 97 15 13 . 44 170 49 104 59 73 103 85 8 72 189 165 160 638 131 Gun 805 | 22 32 31 70 . 94 49 74 68 6 46 . 147 30 24 . . 9 . . . . . . . . . . . . . 5 62 36 . . . . Cannon 2818 | . 23 34 202 22 . . 50 . . . . 13 64 137 152 20 2 76 97 15 13 . 44 170 49 104 59 73 103 85 . 10 146 165 153 611 126 Launcher 98 | . 7 1 5 5 8 . . 4 . 13 . . . 14 . . . . . . . . . . . . . . . . . . 7 . 7 27 . Special 8 | . . . . . . . . . . . . . . . . . . . . . . . . . . . . . . . 3 . . . . . 5 Kinetic 980 | 22 50 65 92 . 94 . . 12 2 . . 121 30 24 . . 9 58 . . . . . . . . . . . . . 62 39 12 7 160 121 Thermal 2612 | . 5 . 180 22 . 49 124 56 4 46 . 13 64 137 152 20 2 18 97 15 13 . 44 170 49 104 59 73 103 85 . 10 143 153 146 451 5 Explosive 98 | . 7 1 5 5 8 . . 4 . 13 . . . 14 . . . . . . . . . . . . . . . . . . 7 . 7 27 . Electromagnetic 31 | . . . . . . . . . . . . 26 . . . . . . . . . . . . . . . . . . 5 . . . . . . Robot Hit Streak 78 | 6 8 11 20 14 9 10 12 21 10 28 . 7 21 17 18 5 4 5 14 7 9 . 10 22 23 23 10 13 20 20 19 6 25 25 18 41 78 Robot Miss Streak 8 | 2 2 4 6 2 7 1 3 5 2 6 . 6 5 4 3 1 2 4 1 1 1 . 2 1 1 2 3 2 3 1 . 4 5 5 3 8 5 Penetration Max 3 | . . . . . 1 . . . . . . . 1 1 . . 1 1 . . . . . . . . . . . . . 1 1 2 2 3 2 Secondary Targets 8 | . 1 . . . . . . . . 2 . 1 . 3 . . . . . . . . . . . . . . . . . 1 . . . . . Max Gunslinging Chain 1 | . 1 . . . . . . . . 1 . 1 . 1 . . . . . . . . . . . . . . . . . 1 . . . . . Capacitor 747 | . . . . . . . . . . . . . . . . . . . 6 15 13 . 44 167 48 104 59 73 102 81 . . 35 . . . . Autonomous 100 | . . . . . . 49 25 . . . . 26 . . . . . . . . . . . . . . . . . . . . . . . . . Shots Hit Robots 2260 | 14 39 43 183 16 82 42 100 63 6 56 . 85 63 103 42 12 7 27 28 11 9 6 31 110 42 45 47 28 57 49 3 37 117 78 76 391 112 Core Hits 1917 | 6 28 18 80 22 43 18 38 47 4 57 . 60 32 80 15 6 4 10 22 6 3 . 7 60 19 16 23 16 33 27 . 20 74 74 75 753 121 Critical Kills 282 | . 1 . 3 1 8 . 1 1 . . . 11 5 5 . . 1 . . . . . . . . . . . . . . 9 8 14 8 168 38 Critical Parts Destroyed 297 | . . . . . 13 . 1 . . . . 11 7 3 . . 1 . . . . . . . . . . . . . . 14 6 15 7 181 38 Critical Strikes 645 | . 1 2 4 1 21 . 6 1 . . . 29 12 8 . . 3 2 . . . . . . . . . . . . . 23 14 29 15 382 92 Burn 4 | . . . . . . . 4 . . . . . . . . . . . . . . . . . . . . . . . . . . . . . . Meltdown 4 | . . . 3 1 . . . . . . . . . . . . . . . . . . . . . . . . . . . . . . . . . Destroy 623 | . 1 . . . 21 . . 1 . . . 26 12 8 . . 3 . . . . . . . . . . . . . . 23 14 29 15 382 88 Blast 9 | . . 2 1 . . . . . . . . . . . . . . 2 . . . . . . . . . . . . . . . . . . 4 Corrupt 2 | . . . . . . . . . . . . 2 . . . . . . . . . . . . . . . . . . . . . . . . . Smash 3 | . . . . . . . 2 . . . . 1 . . . . . . . . . . . . . . . . . . . . . . . . . Melee Attacks 153 | . . . 2 . 36 . 18 3 . 3 29 9 . 3 . . 1 . . 1 . 6 . . 1 . 6 . 1 . 27 . . . 1 6 . Impact 59 | . . . . . . . 18 3 . . 29 9 . . . . . . . . . . . . . . . . . . . . . . . . . Slashing 41 | . . . 2 . 36 . . . . 3 . . . . . . . . . . . . . . . . . . . . . . . . . . . Piercing 53 | . . . . . . . . . . . . . . 3 . . 1 . . 1 . 6 . . 1 . 6 . 1 . 27 . . . 1 6 . Sneak Attacks 12 | . . . . . . . 8 1 . . . . . . . . 1 . . . . . . . 1 . . . . . . . . . . 1 . Combat Hostiles 1 | . . . . . . . . . . . . . . . . . . . . . . . . . . . . . . . . . . . . 1 . Follow-up Attacks . | . . . . . . . . . . . . . . . . . . . . . . . . . . . . . . . . . . . . . . Damage Inflicted 113866 | 157 1297 869 4020 923 2220 1217 3108 2259 92 3139 . 2366 2191 6672 1945 567 206 1034 2470 541 359 352 1621 7251 2467 2297 2865 1650 2883 3595 . 929 7607 4026 6318 26076 6277 Guns 11248 | 157 258 223 702 . 868 1189 1390 1356 92 1210 . 1660 409 308 . . 110 . . . . . . . . . . . . . . 802 514 . . . . Cannons 74374 | . 198 449 2561 290 . . 796 . . . . 282 1782 3819 1945 567 32 1034 1585 541 359 . 1621 7071 2397 2297 2865 1650 2883 3595 . 127 4843 4010 3972 14526 6277 Explosions 24874 | . 772 179 660 563 619 . . 781 . 1726 . . . 2476 . . . . 885 . . . . 149 . . . . . . . . 2250 . 2264 11550 . Melee 2813 | . . . . . 733 . 855 115 . 200 . 424 . . . . 64 . . . . 352 . . 70 . . . . . . . . . . . . Ramming 557 | . 69 18 97 70 . 28 67 7 . 3 . . . 69 . . . . . . . . . 31 . . . . . . . . . 16 82 . . Kinetic 16850 | 157 400 672 941 . 868 . . 75 42 . . 1009 409 308 . . 110 1034 . . . . . . . . . . . . . 802 545 211 95 2895 6277 Thermal 69170 | . 56 . 2322 290 . 1189 2186 1281 50 1210 . 282 1782 3983 1945 567 32 . 2470 541 359 . 1621 7071 2397 2297 2865 1650 2883 3595 . 127 4812 3799 3877 11631 . Explosive 23825 | . 772 179 660 563 619 . . 781 . 1726 . . . 2312 . . . . . . . . . 149 . . . . . . . . 2250 . 2264 11550 . Electromagnetic 651 | . . . . . . . . . . . . 651 . . . . . . . . . . . . . . . . . . . . . . . . . Impact 1394 | . . . . . . . 855 115 . . . 424 . . . . . . . . . . . . . . . . . . . . . . . . . Slashing 933 | . . . . . 733 . . . . 200 . . . . . . . . . . . . . . . . . . . . . . . . . . . Piercing 486 | . . . . . . . . . . . . . . . . . 64 . . . . 352 . . 70 . . . . . . . . . . . . Highest Corruption 8 | . . . . . . . 1 4 4 . . . . 3 . . . . 1 1 . . 1 4 4 . . . 5 5 3 2 8 6 . . . Average Corruption 2 | . . . . . . . 1 3 3 . . . . 2 . . . . 1 1 . . 1 2 3 . . . 3 3 1 1 2 4 . . . Corruption Purged 41 | . . . . . . . 1 . 4 . . . . 3 . . . . . 1 . . . . 4 . . . 2 5 5 1 9 6 . . . Corruption Blocked 5 | . . . . . . . . . . . . . . . . . . . . . . . . . . . . . . . . 5 . . . . . Effects 116 | . . . . . . . . 22 1 . . . . 20 . . . . 5 . . . . 11 8 . . . 8 8 3 5 19 6 . . . Message Errors 43 | . . . . . . . . 4 . . . . . 9 . . . . 3 . . . . 3 4 . . . 3 4 1 3 7 2 . . . Matter Fused 28 | . . . . . . . . 7 . . . . . 5 . . . . . . . . . 5 1 . . . 2 2 1 1 4 . . . . Heat Flow Errors 15 | . . . . . . . . 4 . . . . . 2 . . . . . . . . . 1 1 . . . 1 1 . 1 3 1 . . . Energy Discharges 8 | . . . . . . . . 3 1 . . . . 1 . . . . 1 . . . . 1 . . . . . . . . 1 . . . . Parts Rejected 2 | . . . . . . . . . . . . . . . . . . . . . . . . . . . . . 1 . . . 1 . . . . Data Loss (minor) 9 | . . . . . . . . 2 . . . . . . . . . . . . . . . . 1 . . . . . 1 . 3 2 . . . Data Loss (major) 4 | . . . . . . . . 1 . . . . . 1 . . . . 1 . . . . 1 . . . . . . . . . . . . . Misfires 5 | . . . . . . . . . . . . . . 2 . . . . . . . . . . 1 . . . 1 . . . . 1 . . . Alerts 1 | . . . . . . . . 1 . . . . . . . . . . . . . . . . . . . . . . . . . . . . . Weapon Failures 1 | . . . . . . . . . . . . . . . . . . . . . . . . . . . . . . 1 . . . . . . . Overload Shots . | . . . . . . . . . . . . . . . . . . . . . . . . . . . . . . . . . . . . . . Overflow Damage 5623 | . 29 13 54 33 61 . 325 56 . 172 . 203 67 455 200 . 4 53 122 40 67 . 129 579 159 153 171 39 106 154 . . 363 288 277 986 265 Projectiles 4192 | . . 13 35 10 . . 25 . . . . 35 67 272 200 . . 53 113 40 67 . 129 579 159 153 171 39 106 154 . . 242 288 223 754 265 Explosions 749 | . 29 . 19 23 33 . . 56 . 27 . . . 183 . . . . 9 . . . . . . . . . . . . . 121 . 17 232 . Melee 682 | . . . . . 28 . 300 . . 145 . 168 . . . . 4 . . . . . . . . . . . . . . . . . 37 . . Knockbacks 103 | . 4 3 3 . . . 2 . . . . 5 . 2 . . . 4 . . . . . . . . . . . . . . . 1 3 33 43 Impact 12 | . 1 . 1 . . . 2 . . . . 5 . 2 . . . . . . . . . . . . . . . . . . . . 1 . . Kinetic 89 | . 3 3 2 . . . . . . . . . . . . . . 4 . . . . . . . . . . . . . . . 1 2 33 41 Secondary 2 | . . . . . . . . . . . . . . . . . . . . . . . . . . . . . . . . . . . . . 2 Self-Inflicted Damage 967 | . 44 43 119 98 . . . . . 183 . . . 269 . . . . . . . . . . . . . . . . . . . . 12 199 . Shots 29 | . 3 1 3 4 . . . . . 5 . . . 8 . . . . . . . . . . . . . . . . . . . . 1 4 . Rammed 40 | . 7 5 7 4 . 2 12 1 . 2 . . . . . . . . . . . . . . . . . . . . . . . . . . . Targets Rammed 59 | . 7 5 9 7 . 3 13 1 . 2 . . . 5 . . . . . . . . . 2 . . . . . . . . . 2 3 . . Kicked 12 | . . . . . . . . . . . . . . 5 . . . . . . . . . 2 . . . . . . . . . 2 3 . . Crushed 7 | . . . 2 3 . 1 1 . . . . . . . . . . . . . . . . . . . . . . . . . . . . . . Highest Temperature 472 | . 18 2 295 12 56 . 220 221 . 87 . 234 270 223 14 104 36 360 30 . . . . 119 159 . . . 171 218 . 238 226 144 . 472 92 Average Temperature 53 | . 8 2 22 4 31 . 50 65 . 25 . 47 93 43 5 55 15 138 14 . . . . 63 97 . . . 87 122 . 140 113 85 . 46 11 Received Heat Transfer 4613 | . 90 120 378 . 8 54 378 117 18 387 . 594 198 888 156 . . 198 . 9 . . . 119 9 . . . 54 27 . 117 126 144 36 247 141 Effects 6 | . . . . . . . . . . . . 1 . . . . . 3 . . . . . . . . . . . . . . . . . 2 . Interference 4 | . . . . . . . . . . . . 1 . . . . . 3 . . . . . . . . . . . . . . . . . . . Short Circuit 2 | . . . . . . . . . . . . . . . . . . . . . . . . . . . . . . . . . . . . 2 . Siege Activations 33 | . . . . . . . . . . . . . . . . . . . . . . . . . . . . . . . . . . . . 11 22 Total Turns 4156 | . . . . . . . . . . . . . . . . . . . . . . . . . . . . . . . . . . . . 3585 571 Longest Duration 1840 | . . . . . . . . . . . . . . . . . . . . . . . . . . . . . . . . . . . . 1840 171 Robots Corrupted . | . . . . . . . . . . . . . . . . . . . . . . . . . . . . . . . . . . . . . . Combat Hostiles . | . . . . . . . . . . . . . . . . . . . . . . . . . . . . . . . . . . . . . . Parts Fried 6 | . . . . . . . 6 . . . . . . . . . . . . . . . . . . . . . . . . . . . . . . Impact Corruptions 16 | . . . . . . . 12 . . . . 3 . . . . . . . . . . . . . . . . . . . . . . 1 . . Robots Melted 11 | . . . 5 1 . . . 1 . 2 . . . . . . . . . . . . . . . . 1 . . 1 . . . . . . . Combat Hostiles 11 | . . . 5 1 . . . 1 . 2 . . . . . . . . . . . . . . . . 1 . . 1 . . . . . . . Parts Melted 67 | . . . 9 1 . 2 5 4 . 5 . . 2 2 1 . . . 1 . . . . 6 . . 4 1 2 4 . . 2 2 1 13 . Heat Transferred 44096 | . 111 . 4773 481 . 1443 3516 2575 100 2675 . 150 1050 2225 1050 325 25 . 1312 275 175 . 700 2850 1000 950 1148 700 1375 1450 . 50 2300 1775 1812 5725 . Parts Sabotaged . | . . . . . . . . . . . . . . . . . . . . . . . . . . . . . . . . . . . . . . Parts Stolen 5 | . . . . . . . . . . 4 . . . . 1 . . . . . . . . . . . . . . . . . . . . . . Parts Stripped . | . . . . . . . . . . . . . . . . . . . . . . . . . . . . . . . . . . . . . . Power Chain Reactions . | . . . . . . . . . . . . . . . . . . . . . . . . . . . . . . . . . . . . . . Missiles Intercepted . | . . . . . . . . . . . . . . . . . . . . . . . . . . . . . . . . . . . . . . Alert | -11 -10 -10 -9 -9 -9 -8 -8 -7 -7 -7 -7 -7 -6 -6 -6 -6 -6 -5 -5 -5 -5 -5 -4 -4 -4 -4 -4 -3 -3 -3 -3 -2 -2 -2 -1 -1 -1 ------- Run | Scr Mat Min Mat Min Exi Min Mat Fac Low Low Zio Dee Pro Fac Low Low Dat Pro Fac Upp Upp Zhi Pro Fac Upp Upp War Pro Res Arm Lab Res Tes Sec Acc Com Ac0 Peak Influence 9208 | 20 372 219 653 677 . 314 288 235 . . . . . 1101 . . . . 522 . . . . 883 . . . . 445 354 . 206 1172 1506 1657 9208 . Initial 1100 | . 13 134 . 254 . . . 91 . . . . . 18 . . . . . . . . . . . . . . 29 223 . . 43 612 732 1100 . Average 2801 | 6 181 48 284 500 . 138 107 119 . . . . . 532 . . . . 152 . . . . 313 . . . . 161 220 . 103 575 1000 1174 7217 . Maximum Alert Level 5 | . 1 1 2 2 . 1 1 1 . . . . . 4 . . . . 2 . . . . 3 . . . . 2 1 . 1 4 4 5 5 . Low Security (%) 25 | 100 51 96 38 . . 72 95 66 . . . . . 24 . . . . 75 . . . . 49 . . . . 66 27 . 75 17 . . . . Level 1 8 | . 48 3 27 5 . 27 4 33 . . . . . 1 . . . . 16 . . . . 14 . . . . 28 72 . 24 22 . . . . Level 2 7 | . . . 33 94 . . . . . . . . . 48 . . . . 7 . . . . 12 . . . . 5 . . . 24 8 . . . Level 3 3 | . . . . . . . . . . . . . . 24 . . . . . . . . . 23 . . . . . . . . 29 69 49 . . Level 4 1 | . . . . . . . . . . . . . . 2 . . . . . . . . . . . . . . . . . . 5 22 38 . . Level 5 26 | . . . . . . . . . . . . . . . . . . . . . . . . . . . . . . . . . . . 1 49 . High Security 26 | . . . . . . . . . . . . . . . . . . . . . . . . . . . . . . . . . . . 9 49 . Max Security . | . . . . . . . . . . . . . . . . . . . . . . . . . . . . . . . . . . . . . . Squads Dispatched 4046 | . 2 . 8 1 . . 2 6 . 1 . . . 16 . . . 1 4 . . . . 13 . . . . 6 6 . 2 14 14 10 3940 . Investigation 18 | . 2 . 4 1 . . 1 1 . . . . . 1 . . . 1 2 . . . . 2 . . . . . 3 . . . . . . . Extermination 35 | . . . . . . . . 5 . . . . . 6 . . . . 2 . . . . 4 . . . . 3 2 . . 5 5 2 1 . Reinforcement 3923 | . . . 3 . . . 1 . . . . . . 4 . . . . . . . . . 4 . . . . . . . 1 2 3 2 3903 . Assault 50 | . . . 1 . . . . . . 1 . . . 3 . . . . . . . . . . . . . . . . . . 3 3 3 36 . Garrison 3 | . . . . . . . . . . . . . . 2 . . . . . . . . . . . . . . . . . . 1 . . . . Intercept 17 | . . . . . . . . . . . . . . . . . . . . . . . . 3 . . . . 3 1 . 1 3 3 3 . . Searches Triggered . | . . . . . . . . . . . . . . . . . . . . . . . . . . . . . . . . . . . . . . Construction Impeded 5 | . . . . . . . . . . . . . . 2 . . . . . . . . . 2 . . . . . . . . . . 1 . . Haulers Reinforced 1 | . . . . . . . . . . . . . . 1 . . . . . . . . . . . . . . . . . . . . . . . Active Scanning Responses . | . . . . . . . . . . . . . . . . . . . . . . . . . . . . . . . . . . . . . . Cargo Convoy Interrupts . | . . . . . . . . . . . . . . . . . . . . . . . . . . . . . . . . . . . . . . Stealth | -11 -10 -10 -9 -9 -9 -8 -8 -7 -7 -7 -7 -7 -6 -6 -6 -6 -6 -5 -5 -5 -5 -5 -4 -4 -4 -4 -4 -3 -3 -3 -3 -2 -2 -2 -1 -1 -1 --------- Run | Scr Mat Min Mat Min Exi Min Mat Fac Low Low Zio Dee Pro Fac Low Low Dat Pro Fac Upp Upp Zhi Pro Fac Upp Upp War Pro Res Arm Lab Res Tes Sec Acc Com Ac0 Distress Signals 37 | . 1 . 2 . . . 3 2 . . . . . 1 . . . . . . . . . 3 . . 2 . . 1 . 7 1 . 1 13 . Communications Jammed 99 | . . . . . . . . . . . . . . . . . . . . . . . . 2 . . . . 19 . . . . 77 . 1 . Distress Signals 95 | . . . . . . . . . . . . . . . . . . . . . . . . 2 . . . . 19 . . . . 73 . 1 . Times Spotted 1065 | . 24 8 55 21 17 16 41 19 1 28 . 74 16 49 15 13 4 15 14 5 6 . 9 47 14 11 32 9 23 16 1 12 43 58 40 270 39 Peak Tracking Total 26 | . 4 3 8 4 8 5 5 5 1 7 . 26 4 6 4 4 4 5 6 2 4 . 5 6 9 4 7 5 5 3 1 6 6 15 6 23 4 Tactical Retreats 36 | . . 1 . 3 7 2 3 . . . . . 1 1 2 . . . 1 . . . . 2 . . . . 1 . . 2 3 4 1 2 . Traps | -11 -10 -10 -9 -9 -9 -8 -8 -7 -7 -7 -7 -7 -6 -6 -6 -6 -6 -5 -5 -5 -5 -5 -4 -4 -4 -4 -4 -3 -3 -3 -3 -2 -2 -2 -1 -1 -1 ------- Run | Scr Mat Min Mat Min Exi Min Mat Fac Low Low Zio Dee Pro Fac Low Low Dat Pro Fac Upp Upp Zhi Pro Fac Upp Upp War Pro Res Arm Lab Res Tes Sec Acc Com Ac0 Traps Triggered 37 | . . . 3 . . . 1 3 . . . . . 3 . . . . . . . . . . . . . . 1 2 . . . . 4 20 . Indirectly . | . . . . . . . . . . . . . . . . . . . . . . . . . . . . . . . . . . . . . . Trap Hack Attempts . | . . . . . . . . . . . . . . . . . . . . . . . . . . . . . . . . . . . . . . Triggered . | . . . . . . . . . . . . . . . . . . . . . . . . . . . . . . . . . . . . . . Disarmed . | . . . . . . . . . . . . . . . . . . . . . . . . . . . . . . . . . . . . . . Reprogrammed 1 | . . . . . . . . . . . . . . . . . . . . . . . . 1 . . . . . . . . . . . . . Reused . | . . . . . . . . . . . . . . . . . . . . . . . . . . . . . . . . . . . . . . Traps Extracted . | . . . . . . . . . . . . . . . . . . . . . . . . . . . . . . . . . . . . . . Installed . | . . . . . . . . . . . . . . . . . . . . . . . . . . . . . . . . . . . . . . Triggered 14 | . . . . . . . . . 1 . . . . . . . . . . . 2 . . . . . 9 2 . . . . . . . . . Most Traps Carried 8 | . . 2 2 . . . . . 4 8 8 4 . . . . . . . . . . . . . . . . . . . . . . . . . Machines | -11 -10 -10 -9 -9 -9 -8 -8 -7 -7 -7 -7 -7 -6 -6 -6 -6 -6 -5 -5 -5 -5 -5 -4 -4 -4 -4 -4 -3 -3 -3 -3 -2 -2 -2 -1 -1 -1 ---------- Run | Scr Mat Min Mat Min Exi Min Mat Fac Low Low Zio Dee Pro Fac Low Low Dat Pro Fac Upp Upp Zhi Pro Fac Upp Upp War Pro Res Arm Lab Res Tes Sec Acc Com Ac0 Machines Disabled 125 | . 2 . 3 3 15 . . 6 . . . 4 . 20 . . . . 14 . 1 . . 4 . . 1 . 1 2 1 . 8 9 2 15 14 Max in Single Turn 11 | . 1 . 1 2 2 . . 2 . . . 1 . 5 . . . . 11 . 1 . . 1 . . 1 . 1 1 1 . 2 1 1 3 4 Garrison Access 4 | . . . . . . . . 1 . . . . . 1 . . . . . . . . . . . . . . 1 . . 1 . . . . . Phase Generator 1 | . . . . . . . . . . . . . . . . . . . . . . . . . . . . . . . . . . . . 1 . Machines Sabotaged . | . . . . . . . . . . . . . . . . . . . . . . . . . . . . . . . . . . . . . . Garrisons Compromised . | . . . . . . . . . . . . . . . . . . . . . . . . . . . . . . . . . . . . . . Overloaded Fab Kills . | . . . . . . . . . . . . . . . . . . . . . . . . . . . . . . . . . . . . . . Hacking | -11 -10 -10 -9 -9 -9 -8 -8 -7 -7 -7 -7 -7 -6 -6 -6 -6 -6 -5 -5 -5 -5 -5 -4 -4 -4 -4 -4 -3 -3 -3 -3 -2 -2 -2 -1 -1 -1 --------- Run | Scr Mat Min Mat Min Exi Min Mat Fac Low Low Zio Dee Pro Fac Low Low Dat Pro Fac Upp Upp Zhi Pro Fac Upp Upp War Pro Res Arm Lab Res Tes Sec Acc Com Ac0 Machines Accessed 135 | . 8 . 11 1 2 . 13 9 1 . . . . 14 1 3 4 1 6 . 2 8 . 10 1 . 9 . 4 7 2 . 1 12 4 . 1 Terminals 67 | . 6 . 9 . . . 8 5 . . . . . 8 . . . 1 2 . . . . 7 . . . . 2 4 . . 1 11 3 . . Fabricators 11 | . . . . . . . . 1 . . . . . 2 . . . . 2 . . . . 2 . . . . 1 2 . . . . 1 . . Repair Stations 6 | . . . . . . . 2 1 . . . . . 1 . . . . . . . . . 1 . . . . . 1 . . . . . . . Recycling Units 7 | . 2 . 2 . . . 1 1 . . . . . . . . . . 1 . . . . . . . . . . . . . . . . . . Scanalyzers 5 | . . . . . . . 1 . . . . . . 3 . . . . . . . . . . . . . . . . . . . 1 . . . Garrison Access 4 | . . . . . . . 1 1 . . . . . . . . . . 1 . . . . . . . . . 1 . . . . . . . . Total Hacks 409 | . 24 . 36 1 2 . 37 22 1 . . . . 38 1 11 27 4 13 . 2 43 . 22 1 . 18 . 8 29 24 . 1 22 5 . 17 Successful 282 | . 14 . 18 1 2 . 21 10 1 . . . . 17 1 11 27 4 7 . 2 43 . 8 1 . 18 . 5 17 24 . . 12 1 . 17 Failed 127 | . 10 . 18 . . . 16 12 . . . . . 21 . . . . 6 . . . . 14 . . . . 3 12 . . 1 10 4 . . Catastrophic 23 | . . . 1 . . . 3 2 . . . . . 1 . . . . 2 . . . . 4 . . . . . 2 . . . 6 2 . . Database Lockouts . | . . . . . . . . . . . . . . . . . . . . . . . . . . . . . . . . . . . . . . Manual 147 | . 20 . 32 . 1 . 19 15 . . . . . 12 . . . . 7 . . . . 12 . . 1 . 4 10 . . 1 13 . . . Terminals 178 | . 20 . 27 . . . 25 9 . . . . . 26 . . . 4 4 . . . . 16 . . . . 6 15 . . 1 21 4 . . Fabricators 24 | . . . . . . . . 3 . . . . . 3 . . . . 5 . . . . 4 . . . . 1 7 . . . . 1 . . Repair Stations 18 | . . . . . . . 4 2 . . . . . 3 . . . . . . . . . 2 . . . . . 7 . . . . . . . Recycling Units 24 | . 4 . 9 . . . 3 5 . . . . . . . . . . 3 . . . . . . . . . . . . . . . . . . Scanalyzers 10 | . . . . . . . 3 . . . . . . 6 . . . . . . . . . . . . . . . . . . . 1 . . . Garrison Access 7 | . . . . . . . 2 3 . . . . . . . . . . 1 . . . . . . . . . 1 . . . . . . . . Terminal Hacks 200 | . 7 . 8 1 2 . 9 1 1 . . . . 5 1 11 27 4 . . 2 43 . 3 1 . 18 . 2 6 24 . . 6 1 . 17 Record 114 | . . . . . 1 . . . . . . . . . . 9 11 4 . . 1 35 . . . . 13 . . . 23 . . . . . 17 Part Schematic 17 | . 2 . 2 . . . . . . . . . . . . . 9 . . . . 4 . . . . . . . . . . . . . . . Robot Schematic 4 | . . . . . . . . . . . . . . . . . 4 . . . . . . . . . . . . . . . . . . . . Robot Analysis 6 | . 4 . 1 . . . 1 . . . . . . . . . . . . . . . . . . . . . . . . . . . . . . Prototype ID Bank 11 | . . . . . . . . . . . . . . . . . 3 . . . . 4 . . . . 4 . . . . . . . . . . Open Door 11 | . . . . 1 . . . . 1 . . . . . 1 2 . . . . 1 . . . 1 . 1 . . . . . . 2 1 . . Level Access Points 1 | . . . . . . . . . . . . . . . . . . . . . . . . . . . . . . . . . . 1 . . . Branch Access Points 4 | . . . . . . . . 1 . . . . . 1 . . . . . . . . . 1 . . . . 1 . . . . . . . . Machine Index 1 | . . . . . . . . . . . . . . 1 . . . . . . . . . . . . . . . . . . . . . . . Terminal Index 1 | . . . . . . . . . . . . . . 1 . . . . . . . . . . . . . . . . . . . . . . . Alert Level 3 | . . . 1 . . . 1 . . . . . . . . . . . . . . . . . . . . . . 1 . . . . . . . Unreport Threat 7 | . . . 2 . . . 2 . . . . . . . . . . . . . . . . . . . . . . 1 . . . 2 . . . Locate Traps 7 | . . . 1 . . . 3 . . . . . . 2 . . . . . . . . . . . . . . 1 . . . . . . . . Reprogram Traps 1 | . . . . . . . . . . . . . . . . . . . . . . . . 1 . . . . . . . . . . . . . Patrol Status 1 | . . . . . . . . . . . . . . . . . . . . . . . . . . . . . . 1 . . . . . . . Recall Investigation 1 | . . . . . . . . . . . . . . . . . . . . . . . . . . . . . . 1 . . . . . . . Recall Reinforcements 1 | . . . . . . . . . . . . . . . . . . . . . . . . 1 . . . . . . . . . . . . . Hauler Manifests 4 | . 1 . 1 . . . 1 . . . . . . . . . . . . . . . . . . . . . . . . . . 1 . . . Registered Components 1 | . . . . . . . . . . . . . . . . . . . . . . . . . . . . . . 1 . . . . . . . Zone Layout 2 | . . . . . . . 1 . . . . . . . . . . . . . . . . . . . . . . 1 . . . . . . . EX-Prototype ID Bank 1 | . . . . . 1 . . . . . . . . . . . . . . . . . . . . . . . . . . . . . . . . Gate Test 138-A 1 | . . . . . . . . . . . . . . . . . . . . . . . . . . . . . . . 1 . . . . . . Fabricator Hacks 13 | . . . . . . . . 1 . . . . . 1 . . . . 4 . . . . 2 . . . . . 5 . . . . . . . Network Status 2 | . . . . . . . . 1 . . . . . . . . . . . . . . . . . . . . . 1 . . . . . . . Load Schematic 6 | . . . . . . . . . . . . . . 1 . . . . 2 . . . . 1 . . . . . 2 . . . . . . . Build 5 | . . . . . . . . . . . . . . . . . . . 2 . . . . 1 . . . . . 2 . . . . . . . Repair Station Hacks 10 | . . . . . . . 4 . . . . . . 2 . . . . . . . . . 1 . . . . . 3 . . . . . . . Scan Component 6 | . . . . . . . 2 . . . . . . 1 . . . . . . . . . 1 . . . . . 2 . . . . . . . Repair 4 | . . . . . . . 2 . . . . . . 1 . . . . . . . . . . . . . . . 1 . . . . . . . Recycling Unit Hacks 3 | . 1 . 1 . . . . 1 . . . . . . . . . . . . . . . . . . . . . . . . . . . . . Report Inventory 1 | . . . . . . . . 1 . . . . . . . . . . . . . . . . . . . . . . . . . . . . . Retrieve Components 2 | . 1 . 1 . . . . . . . . . . . . . . . . . . . . . . . . . . . . . . . . . . Scanalyzer 7 | . . . . . . . 2 . . . . . . 5 . . . . . . . . . . . . . . . . . . . . . . . Insert Component 6 | . . . . . . . 1 . . . . . . 5 . . . . . . . . . . . . . . . . . . . . . . . Analyze 1 | . . . . . . . 1 . . . . . . . . . . . . . . . . . . . . . . . . . . . . . . Garrison Access Hacks 2 | . . . . . . . . 1 . . . . . . . . . . . . . . . . . . . . 1 . . . . . . . . Seal Access 2 | . . . . . . . . 1 . . . . . . . . . . . . . . . . . . . . 1 . . . . . . . . Unauthorized Hacks 47 | . 6 . 9 . . . 6 6 . . . . . 4 . . . . 3 . . . . 2 . . . . 2 3 . . . 6 . . . Terminals 31 | . 4 . 4 . . . 5 2 . . . . . 2 . . . . 2 . . . . 2 . . . . 2 3 . . . 5 . . . Track 1 | . . . . . . . . . . . . . . . . . . . . . . . . . . . . . . . . . . 1 . . . Assimilate 1 | . 1 . . . . . . . . . . . . . . . . . . . . . . . . . . . . . . . . . . . . Botnet 24 | . 2 . 3 . . . 4 2 . . . . . 2 . . . . 2 . . . . 2 . . . . 2 2 . . . 3 . . . Operators 5 | . 1 . 1 . . . 1 . . . . . . . . . . . . . . . . . . . . . . 1 . . . 1 . . . Fabricators 3 | . . . . . . . . 1 . . . . . 2 . . . . . . . . . . . . . . . . . . . . . . . Liberate 1 | . . . . . . . . . . . . . . 1 . . . . . . . . . . . . . . . . . . . . . . . Haulers 1 | . . . . . . . . 1 . . . . . . . . . . . . . . . . . . . . . . . . . . . . . Recompile 1 | . . . . . . . . . . . . . . 1 . . . . . . . . . . . . . . . . . . . . . . . Repair Stations . | . . . . . . . . . . . . . . . . . . . . . . . . . . . . . . . . . . . . . . Recycling Units 12 | . 2 . 5 . . . 1 3 . . . . . . . . . . 1 . . . . . . . . . . . . . . . . . . Reject 4 | . . . 2 . . . . 1 . . . . . . . . . . 1 . . . . . . . . . . . . . . . . . . Recyclers 1 | . . . . . . . . 1 . . . . . . . . . . . . . . . . . . . . . . . . . . . . . Mask 3 | . . . 1 . . . 1 1 . . . . . . . . . . . . . . . . . . . . . . . . . . . . . Tunnel 4 | . 2 . 2 . . . . . . . . . . . . . . . . . . . . . . . . . . . . . . . . . . Scanalyzers 1 | . . . . . . . . . . . . . . . . . . . . . . . . . . . . . . . . . . 1 . . . Researchers 1 | . . . . . . . . . . . . . . . . . . . . . . . . . . . . . . . . . . 1 . . . Garrison Access . | . . . . . . . . . . . . . . . . . . . . . . . . . . . . . . . . . . . . . . Data Cores Recovered 2 | . . . . . . . . . . . . . . . . . . . . . . . . . . . . . . . . . . 2 . . . Used 2 | . . . . . . . . . . . . . . . . . . . . . . . . . . . . . . . . . . 2 . . . Hacking Detections 87 | . 8 . 10 . . . 10 7 . . . . . 12 . . . 1 6 . . . . 10 . . . . 3 6 . . 1 9 4 . . Full Trace Events 10 | . . . 1 . . . 1 . . . . . . . . . . 1 2 . . . . 2 . . . . . 3 . . . . . . . Feedback Events 1 | . . . . . . . 1 . . . . . . . . . . . . . . . . . . . . . . . . . . . . . . Corruption 1 | . . . . . . . 1 . . . . . . . . . . . . . . . . . . . . . . . . . . . . . . Feedback Blocked . | . . . . . . . . . . . . . . . . . . . . . . . . . . . . . . . . . . . . . . Robot Schematics Acquired 4 | . . . . . . . . . . . . . . . . . 4 . . . . . . . . . . . . . . . . . . . . Robots Built . | . . . . . . . . . . . . . . . . . . . . . . . . . . . . . . . . . . . . . . Authchips . | . . . . . . . . . . . . . . . . . . . . . . . . . . . . . . . . . . . . . . Time . | . . . . . . . . . . . . . . . . . . . . . . . . . . . . . . . . . . . . . . Total Robot Build Rating . | . . . . . . . . . . . . . . . . . . . . . . . . . . . . . . . . . . . . . . Part Schematics Acquired 18 | . 2 . 2 . . . 1 . . . . . . . . . 9 . . . . 4 . . . . . . . . . . . . . . . Parts Built 6 | . . . . . . . . . . . . . . . . . . . 3 . . . . 1 . . . . . 2 . . . . . . . Authchips . | . . . . . . . . . . . . . . . . . . . . . . . . . . . . . . . . . . . . . . Time 650 | . . . . . . . . . . . . . . . . . . . 286 . . . . 187 . . . . . 177 . . . . . . . Total Part Build Rating 40 | . . . . . . . . . . . . . . . . . . . 20 . . . . 7 . . . . . 13 . . . . . . . Parts Repaired 4 | . . . . . . . 2 . . . . . . 1 . . . . . . . . . . . . . . . 1 . . . . . . . Time 319 | . . . . . . . 197 . . . . . . 54 . . . . . . . . . . . . . . . 68 . . . . . . . Parts Recycled . | . . . . . . . . . . . . . . . . . . . . . . . . . . . . . . . . . . . . . . Recycled Matter . | . . . . . . . . . . . . . . . . . . . . . . . . . . . . . . . . . . . . . . Retrieved Matter . | . . . . . . . . . . . . . . . . . . . . . . . . . . . . . . . . . . . . . . Retrieved Components 16 | . 7 . 9 . . . . . . . . . . . . . . . . . . . . . . . . . . . . . . . . . . Parts Scanalyzed 2 | . . . . . . . 1 . . . . . . 1 . . . . . . . . . . . . . . . . . . . . . . . Part Schematics Acquired 1 | . . . . . . . 1 . . . . . . . . . . . . . . . . . . . . . . . . . . . . . . Parts Damaged . | . . . . . . . . . . . . . . . . . . . . . . . . . . . . . . . . . . . . . . Bothacking | -11 -10 -10 -9 -9 -9 -8 -8 -7 -7 -7 -7 -7 -6 -6 -6 -6 -6 -5 -5 -5 -5 -5 -4 -4 -4 -4 -4 -3 -3 -3 -3 -2 -2 -2 -1 -1 -1 ------------ Run | Scr Mat Min Mat Min Exi Min Mat Fac Low Low Zio Dee Pro Fac Low Low Dat Pro Fac Upp Upp Zhi Pro Fac Upp Upp War Pro Res Arm Lab Res Tes Sec Acc Com Ac0 Used RIF Installer . | . . . . . . . . . . . . . . . . . . . . . . . . . . . . . . . . . . . . . . Robots Hacked 2 | . . . . . . . . . . . . . . . . . . . . . . . . . . . . . . . 1 . . . . . 1 Non-combat . | . . . . . . . . . . . . . . . . . . . . . . . . . . . . . . . . . . . . . . Combat 1 | . . . . . . . . . . . . . . . . . . . . . . . . . . . . . . . 1 . . . . . . Robot Hacks Applied 1 | . . . . . . . . . . . . . . . . . . . . . . . . . . . . . . . 1 . . . . . . parse_system 1 | . . . . . . . . . . . . . . . . . . . . . . . . . . . . . . . 1 . . . . . . Manual 2 | . . . . . . . . . . . . . . . . . . . . . . . . . . . . . . . 1 . . . . . 1 Relay Couplers Released 6 | . . . . . . . . . . . . . . . . . . . . . . . . 3 . . . . . . . 3 . . . . . Machine Destruction 3 | . . . . . . . . . . . . . . . . . . . . . . . . . . . . . . . . 3 . . . . . Programmers 3 | . . . . . . . . . . . . . . . . . . . . . . . . 3 . . . . . . . . . . . . . Fabnet Peak Effective % . | . . . . . . . . . . . . . . . . . . . . . . . . . . . . . . . . . . . . . . Robots Rewired 3 | . . . . . . . . . . 1 . . . . . . . . . . . . . . 2 . . . . . . . . . . . . Allies Hacked 1 | . . . . . . . . . . . . . . 1 . . . . . . . . . . . . . . . . . . . . . . . Hacks Repelled . | . . . . . . . . . . . . . . . . . . . . . . . . . . . . . . . . . . . . . . Allies | -11 -10 -10 -9 -9 -9 -8 -8 -7 -7 -7 -7 -7 -6 -6 -6 -6 -6 -5 -5 -5 -5 -5 -4 -4 -4 -4 -4 -3 -3 -3 -3 -2 -2 -2 -1 -1 -1 -------- Run | Scr Mat Min Mat Min Exi Min Mat Fac Low Low Zio Dee Pro Fac Low Low Dat Pro Fac Upp Upp Zhi Pro Fac Upp Upp War Pro Res Arm Lab Res Tes Sec Acc Com Ac0 Total Allies 8 | . 1 . . 1 . . . . . 1 . . . 2 1 . . . . . . . . . 2 . . . . . . . . . . . . Largest Group 2 | . 1 . . 1 . . . . . 1 . . . 2 1 1 1 1 . . . . . . 2 2 2 2 . . . . . . . . . Highest-Rated Group 99 | . 10 . . 31 . . . . . 30 . . . 82 99 99 99 99 . . . . . . 94 94 94 94 . . . . . . . . . Highest-Rated Ally 99 | . 10 . . 31 . . . . . 30 . . . 41 99 99 99 99 . . . . . . 47 47 47 47 . . . . . . . . . Total Orders 519 | . 6 . . . . . . . . . 2 413 . . . . . . . 3 5 . 7 6 2 13 17 . . . . 13 32 . . . . STAY 171 | . 3 . . . . . . . . . . 153 . . . . . . . 1 . . . . 1 6 4 . . . . . 3 . . . . FOLLOW 25 | . 3 . . . . . . . . . . 10 . . . . . . . . . . . . 1 7 4 . . . . . . . . . . EXPLORE 29 | . . . . . . . . . . . . 1 . . . . . . . . . . . 1 . . 7 . . . . 6 14 . . . . RETURN 294 | . . . . . . . . . . . 2 249 . . . . . . . 2 5 . 7 5 . . 2 . . . . 7 15 . . . . Ally Attacks 481 | . . . . . . . . . . . . 259 . 12 . 10 7 13 . 7 12 . 35 12 . 6 16 6 . . . 32 54 . . . . Total Damage 14832 | . . . . . . . . . . . . 9124 . 474 . 541 572 593 . 145 138 . 387 296 . 84 436 141 . . . 667 1234 . . . . Kills 111 | . . . . . . . . . . . . 64 . 2 . 10 3 8 . 2 3 . 1 1 . 2 4 . . . . 2 9 . . . . Allies Corrupted . | . . . . . . . . . . . . . . . . . . . . . . . . . . . . . . . . . . . . . . Allies Melted 1 | . . . . . . . . . . . . . . . . . . . . . . . . . . . 1 . . . . . . . . . . Intel | -11 -10 -10 -9 -9 -9 -8 -8 -7 -7 -7 -7 -7 -6 -6 -6 -6 -6 -5 -5 -5 -5 -5 -4 -4 -4 -4 -4 -3 -3 -3 -3 -2 -2 -2 -1 -1 -1 ------- Run | Scr Mat Min Mat Min Exi Min Mat Fac Low Low Zio Dee Pro Fac Low Low Dat Pro Fac Upp Upp Zhi Pro Fac Upp Upp War Pro Res Arm Lab Res Tes Sec Acc Com Ac0 Robot Analysis Total 134 | . 4 . 1 . . . 1 . . . . . . . . . 128 . . . . . . . . . . . . . . . . . . . . Derelict Logs Recovered 20 | . . 2 . 1 . . . . . 2 2 . 1 . 2 1 . 2 . 1 1 . 1 . 3 1 . . . . . . . . . . . Drone Launches 351 | . . . . . . . . . . . 7 298 . . . . . . . 5 4 2 7 6 . 2 . . . . . 6 14 . . . . Drone Recoveries 332 | . . . . . . . . . . . 2 287 . . . . . . . 3 6 . 8 5 . . 2 . . . . 5 14 . . . . Exploration | -11 -10 -10 -9 -9 -9 -8 -8 -7 -7 -7 -7 -7 -6 -6 -6 -6 -6 -5 -5 -5 -5 -5 -4 -4 -4 -4 -4 -3 -3 -3 -3 -2 -2 -2 -1 -1 -1 ------------- Run | Scr Mat Min Mat Min Exi Min Mat Fac Low Low Zio Dee Pro Fac Low Low Dat Pro Fac Upp Upp Zhi Pro Fac Upp Upp War Pro Res Arm Lab Res Tes Sec Acc Com Ac0 Turns Passed 177687 | 120 3262 2213 6142 1573 4321 1240 7603 2813 15522 18667 3595 6676 3095 2888 3946 4205 648 3902 1063 2567 1923 1043 2187 1366 3556 3641 1217 3320 1083 942 2447 830 1851 1308 949 42168 11795 Spaces Moved 56862 | 50 975 636 1880 621 1809 513 2801 1097 1922 2066 1462 2944 1183 1144 1195 1880 304 1525 316 1238 1035 260 928 542 1259 1427 517 1042 463 302 387 354 357 603 382 15383 4060 Core 1585 | 4 . . . . . . . . 543 1005 . 33 . . . . . . . . . . . . . . . . . . . . . . . . . Treads 26599 | 46 975 636 1675 618 1809 513 2799 1097 1379 1009 1402 1 . . . . . . . . . . . . . . . . . . . . . . . 8590 4050 Legs 26222 | . . . . . . . . . . . . 1010 1183 1144 1195 1880 304 1525 316 1238 1035 260 928 542 1259 1427 517 1042 463 302 387 354 357 431 356 6757 10 Wheels 1028 | . . . 205 3 . . 2 . . 52 60 706 . . . . . . . . . . . . . . . . . . . . . . . . . Hover 1194 | . . . . . . . . . . . . 1194 . . . . . . . . . . . . . . . . . . . . . . . . . Flight . | . . . . . . . . . . . . . . . . . . . . . . . . . . . . . . . . . . . . . . Fastest Speed 50 | 50 160 320 195 210 160 235 210 230 230 195 235 50 150 183 226 210 183 140 183 183 183 140 183 183 210 210 176 176 176 176 104 177 177 168 148 148 185 Average Speed 261 | 151 314 320 236 239 212 238 237 234 723 892 237 188 190 212 226 221 192 182 211 184 183 182 183 194 210 210 210 219 188 218 196 177 182 199 177 219 260 Slowest Speed 2050 | 160 320 320 240 240 240 240 240 310 2050 1700 300 300 270 226 226 226 210 183 226 226 183 183 183 226 210 210 222 222 222 222 222 177 288 264 192 450 610 Overloaded Moves . | . . . . . . . . . . . . . . . . . . . . . . . . . . . . . . . . . . . . . . Propulsion Burnouts . | . . . . . . . . . . . . . . . . . . . . . . . . . . . . . . . . . . . . . . Robots Hopped 1 | . . . . . . . . . . . . . . . 1 . . . . . . . . . . . . . . . . . . . . . . Cave-ins Triggered . | . . . . . . . . . . . . . . . . . . . . . . . . . . . . . . . . . . . . . . Teleports 5 | . . . . . . . . . . . . . . . . . . . . . . . . . . . . . . 1 . . . 1 . 1 2 Spacefolds 17 | . . . . . . . . . . . . . . . . . . . . . . . . . . . . . . . . . . 13 2 2 . Microwarps 16 | . . . . . . . . . . . . . . . . . . . . . . . . . . . . . . . . . . 11 1 4 . Time Travels 1 | . . . . . . . . . . . . . . . . . . . . . . . . . . . . . . . . . . 1 . . . Exploration Rate (%) 75 | 6 100 99 99 98 86 98 82 30 95 99 88 92 94 43 94 99 82 97 12 97 98 62 93 20 99 98 96 97 13 21 98 34 81 46 14 96 98 Regions Visited 37 Branch Regions 27 Pre-discovered Areas 37 | . 2 2 2 . 1 . . . . . . . . . 1 1 23 . . . 1 3 . . . 1 . . . . . . . . . . . Known Exits Taken 13 | . . . . . . . . 1 . . . . 1 1 . . . 1 1 . . . 1 1 . . . 1 1 . . 1 1 1 1 . . Unknown Exits Taken 24 | 1 1 1 1 1 1 1 1 . 1 1 1 1 . . 1 1 1 . . 1 1 1 . . 1 1 1 . . 1 1 . . . . 1 . Scrap Searched 44 | . . 1 . 1 . 1 . . 5 5 2 . 2 . 2 4 . 5 . 3 2 . 3 . 3 2 . 3 . . . . . . . . . Spaces Dug 1643 | . 9 12 2 . . . . 2 . . 7 1 . 20 58 . . 5 35 1 1 . 2 30 1 31 . 34 14 10 2 3 9 12 10 150 1182 Terrain Destroyed 4795 | . 54 12 54 47 75 10 17 68 . 79 7 20 36 219 109 6 . 57 110 3 5 . 15 69 9 56 1 45 46 24 2 12 257 72 227 1306 1666 Melee 17 | . . . 2 . . . . 2 . . 7 . . 3 . . . . . . . . . . . . . . . . 2 . . . . 1 . Projectile 3057 | . . . . 1 30 10 17 1 . . . 11 32 51 109 6 . 57 66 3 5 . 15 49 9 56 1 45 46 24 . 10 32 57 54 636 1624 AOE 1555 | . 54 12 52 46 43 . . 65 . 79 . . . 163 . . . . 44 . . . . 20 . . . . . . . . 220 . 172 585 . Terrain Rammed . | . . . . . . . . . . . . . . . . . . . . . . . . . . . . . . . . . . . . . . Walls Destroyed . | . . . . . . . . . . . . . . . . . . . . . . . . . . . . . . . . . . . . . . Machines Disabled . | . . . . . . . . . . . . . . . . . . . . . . . . . . . . . . . . . . . . . . Actions | -11 -10 -10 -9 -9 -9 -8 -8 -7 -7 -7 -7 -7 -6 -6 -6 -6 -6 -5 -5 -5 -5 -5 -4 -4 -4 -4 -4 -3 -3 -3 -3 -2 -2 -2 -1 -1 -1 --------- Run | Scr Mat Min Mat Min Exi Min Mat Fac Low Low Zio Dee Pro Fac Low Low Dat Pro Fac Upp Upp Zhi Pro Fac Upp Upp War Pro Res Arm Lab Res Tes Sec Acc Com Ac0 Total 83235 | 71 1093 740 3296 666 2148 527 3622 1246 3531 2210 1542 3930 1946 1428 2295 1908 364 2578 616 1522 1067 836 1423 855 2175 2073 639 2075 669 580 2062 493 1426 738 528 23131 5186 Wait 20743 | . 43 35 1127 6 55 8 607 80 1586 48 9 701 636 92 989 3 5 923 194 260 9 494 427 86 801 511 35 931 80 162 1482 76 870 80 33 6543 716 Move 56621 | 49 974 635 1879 620 1808 512 2800 1096 1921 2065 1461 2943 1182 1143 1192 1879 303 1524 315 1237 1034 259 927 541 1258 1426 516 1041 462 301 386 353 356 454 358 15352 4059 Hop 1 | . . . . . . . . . . . . . . . 1 . . . . . . . . . . . . . . . . . . . . . . Pick Up 753 | 4 17 6 41 3 56 . 33 5 3 15 16 39 22 7 6 6 17 26 7 1 4 26 4 13 5 5 6 2 4 5 32 5 12 16 6 207 71 Fast Attach 295 | 7 2 . 8 . 16 1 19 2 1 7 1 45 11 6 7 1 2 2 1 . 1 6 3 4 6 1 3 3 2 5 16 4 6 5 7 49 35 Attach 261 | . . . 11 2 23 . 24 1 1 6 4 9 . 6 3 3 2 3 3 1 . 3 1 7 1 2 3 . 2 4 13 3 16 23 5 50 26 Detach 454 | . 2 . 3 . 9 . 10 1 1 2 3 18 16 16 12 1 4 12 . 4 1 11 9 11 14 5 . 7 3 5 44 3 25 33 13 130 26 Swap 372 | . 11 5 34 9 13 1 10 11 11 11 3 6 . 9 . 3 5 16 13 3 . . 1 9 10 12 2 11 5 7 8 3 10 12 17 61 30 Drop 904 | . . 5 41 3 69 2 35 4 4 11 16 71 32 13 9 1 19 30 8 . 5 31 7 12 12 7 9 7 3 6 46 9 15 13 12 239 98 Fire 2524 | 11 37 49 141 16 63 . 53 38 3 38 . 89 47 123 76 11 6 42 75 15 13 . 44 170 48 104 59 73 102 85 8 37 116 100 73 434 125 Melee 153 | . . . 2 . 36 . 18 3 . 3 29 9 . 3 . . 1 . . 1 . 6 . . 1 . 6 . 1 . 27 . . . 1 6 . Ram . | . . . . . . . . . . . . . . . . . . . . . . . . . . . . . . . . . . . . . . Kick 12 | . . . . . . . . . . . . . . 5 . . . . . . . . . 2 . . . . . . . . . 2 3 . . Crush 47 | . 7 5 9 7 . 3 13 1 . 2 . . . . . . . . . . . . . . . . . . . . . . . . . . . Escape Stasis 61 | . . . . . . . . 4 . . . . . 5 . . . . . . . . . . . . . . 5 . . . . . . 47 . Rewire 34 | . . . . . . . . . . 2 . . . . . . . . . . . . . . 19 . . . . . . . . . . 13 . Trap . | . . . . . . . . . . . . . . . . . . . . . . . . . . . . . . . . . . . . . . Miscellaneous . | . . . . . . . . . . . . . . . . . . . . . . . . . . . . . . . . . . . . . . Route ------- -11/Scrapyard -10/Materials (discovered 4 exits: *Mat x3 / [*Min]) -10/Mines (discovered 2 exits: *Mat x2) -9/Materials (discovered 5 exits: *Mat x3 / *Min x2) -9/Mines (discovered 4 exits: *Mat x2 / *Exi / [*Zio]) -9/Exiles (discovered 2 exits: [*Min x2]) -8/Mines (discovered 2 exits: *Mat x2) -8/Materials (discovered 4 exits: *Fac x2 / *Sto x2) -7/Factory (discovered 3 exits: *Fac / *Low x2) -7/Lower Caves -7/Lower Caves (discovered 2 exits: *Fac / [*Zio]) -7/Zion (discovered 2 exits: [*Dee] / [*Pro]) -7/Deep Caves -6/Proximity Caves -6/Factory (discovered 4 exits: *Fac x2 / *Low x2) -6/Lower Caves -6/Lower Caves (discovered 2 exits: *Fac / *Dat) -6/Data Miner -5/Proximity Caves -5/Factory (discovered 4 exits: Fac x2 / *Upp x2) -5/Upper Caves -5/Upper Caves (discovered 2 exits: *Fac / *Zhi) -5/Zhirov -4/Proximity Caves -4/Factory (discovered 5 exits: Res / *Upp x2 / Ext x2) -4/Upper Caves -4/Upper Caves (discovered 2 exits: *Res / *War) -4/Warlord -3/Proximity Caves -3/Research (discovered 3 exits: *Arm / Qua x2) -3/Armory -3/Lab -2/Research (discovered 2 exits: *Acc / *Tes) -2/Testing (discovered 2 exits: *Acc / *Sec) -2/Section 7 -1/Access -1/Command (discovered 3 exits: [*Sur x2] / *Ac0) -1/Access_0 0b11 Command History --------- Turn | Location | Event 97 | -11/Scrapyard | Discovered new exit (range 12) 121 | -11/Scrapyard | Entered Materials 312 | -10/Materials | Build established: Mutant 359 | -10/Materials | Discovered new exit (range 5) 855 | -10/Materials | Discovered new exit (range 10) 1937 | -10/Materials | Discovered new exit (range 8) 2104 | -10/Materials | Discovered new exit (range 12) 3383 | -10/Materials | Entered Mines 3400 | -10/Mines | Assembled infested the area 3557 | -10/Mines | Learned location of Storage (-8) 3790 | -10/Mines | Discovered new exit (range 7) 3856 | -10/Mines | Core integrity fell below 50% 4096 | -10/Mines | Found a hidden stash of uninstalled traps 4925 | -10/Mines | Discovered new exit (range 15) 5139 | -10/Mines | YI-UF0 nonchalantly dropped a Grenade Launcher on the ground 5173 | -10/Mines | Destroyed YI-UF0 5202 | -10/Mines | Found Prototype Storage 5596 | -10/Mines | Entered Materials 5596 | -9/Materials | Evolved 2 slots: Propulsion x1, Utility x1 5597 | -9/Materials | Identified YI-UF0's Bottomless Matter Pit 7185 | -9/Materials | Discovered new exit (range 7) 7884 | -9/Materials | Build established: Scavenger-Mutant 8412 | -9/Materials | Discovered new exit (range 5) 8612 | -9/Materials | Discovered new exit (range 15) 8825 | -9/Materials | Discovered new exit (range 13) 9238 | -9/Materials | Discovered new exit (range 15) 9463 | -9/Materials | Build established: Mutant 10533 | -9/Materials | Build established: Scavenger-Mutant 11196 | -9/Materials | First assault squad dispatched 11601 | -9/Materials | Build established: Mutant 11738 | -9/Materials | Entered Mines 11770 | -9/Mines | A Derelict revealed a hidden shortcut to a safe place 11865 | -9/Mines | Learned Materials garrison access intel 12000 | -9/Mines | Deemed a non-threat by the Exiles lab entrance 12003 | -9/Mines | Discovered new exit (range 5) 12057 | -9/Mines | Core integrity fell below 50% 12345 | -9/Mines | Discovered new exit (range 3) 12515 | -9/Mines | Discovered new exit (range 10) 13007 | -9/Mines | Received a Mining Laser from a helpful Derelict 13166 | -9/Mines | Met a Derelict shopkeep closing up shop 13311 | -9/Mines | Entered Exiles 13347 | -9/Exiles | Discovered new exit (range 15) 13371 | -9/Exiles | Met 8R-AWN 13410 | -9/Exiles | Met EX-HEX 13535 | -9/Exiles | Met EX-DEC 13587 | -9/Exiles | Learned location of Zion (-7) 13770 | -9/Exiles | Met EX-BIN 13799 | -9/Exiles | Aligned with FarCom system 13801 | -9/Exiles | Given EX-Vault access code 13861 | -9/Exiles | Opened EX-Vault 13931 | -9/Exiles | Warned to stay clear of 0b10 Research branches 14712 | -9/Exiles | Attacked by the Exiles 14797 | -9/Exiles | Lost 8 parts (1p2n4u1w) 14813 | -9/Exiles | Destroyed 8R-AWN 14827 | -9/Exiles | Found Prototype Ballistic Gun 14827 | -9/Exiles | Identified 8R-AWN's Boregun 14848 | -9/Exiles | Found Prototype Protection 14848 | -9/Exiles | Identified 8R-AWN's Armor/EX 14882 | -9/Exiles | Found 8R-AWN's Boregun 15017 | -9/Exiles | Build established: Scavenger-Mutant 15577 | -9/Exiles | Destroyed EX-DEC 15657 | -9/Exiles | Destroyed EX-BIN 15902 | -9/Exiles | Destroyed EX-HEX 15945 | -9/Exiles | Found Prototype Energy Gun 15945 | -9/Exiles | Identified AWS/EX-DEC 15952 | -9/Exiles | Found Prototype Device 15952 | -9/Exiles | Identified System Purifier 15965 | -9/Exiles | Found Prototype Processor 15972 | -9/Exiles | Identified Exp. Core Analyzer 16410 | -9/Exiles | Found Chronowheel 16431 | -9/Exiles | Found AWS/Thermal 16765 | -9/Exiles | Found Deploy-a-Sentry 16978 | -9/Exiles | Found Army-in-a-Box 17298 | -9/Exiles | Discovered new exit (range 10) 17632 | -9/Exiles | Stole four prototypes: AWS/Thermal, Army-in-a-Box, Chronowheel, Deploy-a-Sentry 17632 | -9/Exiles | Entered Mines 17935 | -8/Mines | Discovered new exit (range 14) 17995 | -8/Mines | Core integrity fell below 20% 18555 | -8/Mines | Discovered new exit (range 7) 18872 | -8/Mines | Entered Materials 18872 | -8/Materials | Evolved 2 slots: Utility x2 18873 | -8/Materials | Identified exit to Storage 18874 | -8/Materials | Loaded intel: 1 garrison access location 19958 | -8/Materials | Discovered exit to Storage (range 6) 20370 | -8/Materials | Repaired System Purifier 20828 | -8/Materials | Discovered new exit (range 16) 21224 | -8/Materials | Discovered new exit (range 13) 22485 | -8/Materials | Lost 4 parts (2n2u) 24704 | -8/Materials | Repaired Exp. Heat Sink 26109 | -8/Materials | Build established: Mutant 26475 | -8/Materials | Entered Factory 26475 | -7/Factory | Evolved 2 slots: Utility x2 26496 | -7/Factory | Build established: Scavenger-Mutant 26924 | -7/Factory | Build established: Mutant 27950 | -7/Factory | Discovered new exit (range 12) 28436 | -7/Factory | Identified exit to Factory 28528 | -7/Factory | Build established: Scavenger-Mutant 28858 | -7/Factory | Build established: Mutant 29033 | -7/Factory | Identified exit to Lower Caves 29288 | -7/Factory | Entered Lower Caves 30018 | -7/Lower Caves | Encountered a Warlord checkpoint 38877 | -7/Lower Caves | Discovered new exit (range 14) 44810 | -7/Lower Caves | Entered another Lower Caves area 44882 | -7/Lower Caves | Discovered exit to Factory (range 5) 45325 | -7/Lower Caves | Attracted the attention of an 0b10 outpost 45371 | -7/Lower Caves | Destroyed 8 combat bots 45399 | -7/Lower Caves | Lost 3 parts (1n2u) 46178 | -7/Lower Caves | Learned Factory emergency access door positions 46395 | -7/Lower Caves | Spotted 2F-WET(f) 46396 | -7/Lower Caves | Encountered a Master Thief 46396 | -7/Lower Caves | Spotted 4Q-HLA(f) 46397 | -7/Lower Caves | Encountered a Master Thief 46397 | -7/Lower Caves | Spotted MT-1WI(f) 46398 | -7/Lower Caves | Encountered a Master Thief 46398 | -7/Lower Caves | Spotted LI-WDQ(f) 46399 | -7/Lower Caves | Encountered a Master Thief 46399 | -7/Lower Caves | Exp. Core Analyzer stolen by Master Thief 46400 | -7/Lower Caves | Hvy. EM Shotgun stolen by Master Thief 46402 | -7/Lower Caves | Exp. Heat Sink stolen by Master Thief 46430 | -7/Lower Caves | Mak. Armor Plating stolen by Master Thief 46480 | -7/Lower Caves | Build established: Trapper-Mutant 46524 | -7/Lower Caves | Discovered new exit (range 5) 63477 | -7/Lower Caves | Entered Zion 63696 | -7/Zion | Discovered new exit (range 11) 65261 | -7/Zion | Found CR-A16's Pointy Stick 65309 | -7/Zion | Learned 4 Factory zone layouts 65663 | -7/Zion | Discovered new exit (range 3) 65663 | -7/Zion | Saw the warning signs outside the Deep Caves entrance 66851 | -7/Zion | Found Prototype Processor 66905 | -7/Zion | Found Prototype Processor 66913 | -7/Zion | Found Prototype Processor 66917 | -7/Zion | Found Prototype Hackware 67072 | -7/Zion | Entered Deep Caves 67072 | -7/Deep Caves | Accompanied by 5 allies 67224 | -7/Deep Caves | Build established: Mutant 68497 | -7/Deep Caves | Z-Facility disabled 68621 | -7/Deep Caves | Attacked by Z-Imprinter 68624 | -7/Deep Caves | Allies destroyed Z-Imprinter 68757 | -7/Deep Caves | Found Prototype Protection 68757 | -7/Deep Caves | Identified Zio. Weapon Casing 68771 | -7/Deep Caves | Found Prototype Device 68771 | -7/Deep Caves | Identified Zio. Metafield Generator 68946 | -7/Deep Caves | Found Zio. Weapon Casing 68962 | -7/Deep Caves | Lost 3 parts (1p2u) 69044 | -7/Deep Caves | Found Zio. Weapon Casing 69138 | -7/Deep Caves | Found Zio. Weapon Casing 69157 | -7/Deep Caves | Lost 6 parts (1p2n3u) 69165 | -7/Deep Caves | Found Zio. Weapon Casing 69296 | -7/Deep Caves | Core integrity fell below 50% 69344 | -7/Deep Caves | Lost 5 parts (2n3u) 69719 | -7/Deep Caves | Found Zio. Weapon Casing 69728 | -7/Deep Caves | Found Zio. Weapon Casing 69890 | -7/Deep Caves | Build established: Scavenger-Mutant 69910 | -7/Deep Caves | Spotted as-19662 70863 | -7/Deep Caves | Allies destroyed as-19662 70883 | -7/Deep Caves | Triggered Deep Caves wall 70889 | -7/Deep Caves | Exposed GOLEM chamber 70905 | -7/Deep Caves | Spotted AS-15322 70911 | -7/Deep Caves | Spotted AS-18017 70914 | -7/Deep Caves | Allies destroyed AS-15322 70919 | -7/Deep Caves | Allies destroyed AS-18017 71195 | -7/Deep Caves | Spotted as-45443 71201 | -7/Deep Caves | Allies destroyed as-45443 71214 | -7/Deep Caves | Found GOLEM Unit 71251 | -7/Deep Caves | Found GOLEM Unit 71695 | -7/Deep Caves | Build established: Golem 71900 | -7/Deep Caves | Discovered new exit (range 6) 72026 | -7/Deep Caves | Build established: Mutant 73049 | -7/Deep Caves | Found Cloak of Protection 73070 | -7/Deep Caves | Found GOLEM Unit 73121 | -7/Deep Caves | Found GOLEM Unit 73398 | -7/Deep Caves | Found Zio. Weapon Casing 73748 | -7/Deep Caves | Entered Proximity Caves 74062 | -6/Proximity Caves | Spotted B-75 Beast 74139 | -6/Proximity Caves | Build established: Golem 74572 | -6/Proximity Caves | Learned location of 1 exit from Factory 74973 | -6/Proximity Caves | Attracted the attention of an 0b10 checkpoint 75173 | -6/Proximity Caves | Discovered exit to Factory (range 8) 75437 | -6/Proximity Caves | Core integrity fell below 20% 76687 | -6/Proximity Caves | Build established: Mutant 76843 | -6/Proximity Caves | Entered Factory 76843 | -6/Factory | Evolved 2 slots: Power x1, Utility x1 76844 | -6/Factory | Identified exit to Lower Caves 76845 | -6/Factory | Identified exit to Factory 77154 | -6/Factory | Build established: Golem 77888 | -6/Factory | Spotted B-75 Beast 78215 | -6/Factory | Identified Exp. System Shield 78215 | -6/Factory | Identified Exp. Armor Integrity Analyzer 78320 | -6/Factory | Identified Exp. Terrain Scan Processor 78320 | -6/Factory | Identified Exp. Signal Interpreter 78840 | -6/Factory | Discovered exit to Factory (range 7) 78939 | -6/Factory | Garrison activated, responded to threat 78943 | -6/Factory | First assault squad dispatched 79024 | -6/Factory | Lost 4 parts (1n2u1w) 79028 | -6/Factory | Destroyed 11 combat bots 79187 | -6/Factory | Repaired System Purifier 79493 | -6/Factory | Garrison activated, responded to threat 79731 | -6/Factory | Entered Lower Caves 79731 | -6/Lower Caves | Spotted RV-DH1(f) 79731 | -6/Lower Caves | Spotted K1-TF8(f) 79732 | -6/Lower Caves | Encountered a Master Thief 79732 | -6/Lower Caves | Encountered a Master Thief 79732 | -6/Lower Caves | Cloak of Protection stolen by Master Thief 79735 | -6/Lower Caves | Destroyed K1-TF8(f) 80618 | -6/Lower Caves | Build established: Mutant 80947 | -6/Lower Caves | Encountered a Warlord checkpoint 80975 | -6/Lower Caves | Learned location of 1 exit from Factory 81175 | -6/Lower Caves | Found Prototype Device 81203 | -6/Lower Caves | Spotted B-75 Beast 81376 | -6/Lower Caves | Identified Heart of Steel 82779 | -6/Lower Caves | Discovered new exit (range 7) 82780 | -6/Lower Caves | Attracted the attention of an 0b10 checkpoint 83641 | -6/Lower Caves | Heart of Steel transformed into Warbot 83677 | -6/Lower Caves | Entered another Lower Caves area 83677 | -6/Lower Caves | Accompanied by 1 ally (Warbot) 83829 | -6/Lower Caves | Discovered exit to Factory (range 7) 83876 | -6/Lower Caves | Learned Armory garrison access intel 83876 | -6/Lower Caves | Learned Factory terminal intel 83876 | -6/Lower Caves | Learned Extension security intel 83876 | -6/Lower Caves | Learned Extension stockpile data 83876 | -6/Lower Caves | Learned Factory emergency access door positions 83876 | -6/Lower Caves | Learned location of Armory (-3) 84955 | -6/Lower Caves | Attracted the attention of an 0b10 checkpoint 85324 | -6/Lower Caves | Learned Factory garrison access intel 85837 | -6/Lower Caves | Discovered new exit (range 16) 86720 | -6/Lower Caves | Found Alien Artifact 86720 | -6/Lower Caves | Identified Core Expander 86720 | -6/Lower Caves | Installed Core Expander, added new Utility slot 87882 | -6/Lower Caves | Entered Data Miner 87882 | -6/Data Miner | Accompanied by 1 ally (Warbot) 87882 | -6/Data Miner | Discovered new exit (range 6) 87910 | -6/Data Miner | Met Data Miner 87966 | -6/Data Miner | Learned location of Section 7 (-2) 87966 | -6/Data Miner | Acquired the access code to Warlord's prototype stash 88000 | -6/Data Miner | Received God Mode back door access code from Data Miner 88078 | -6/Data Miner | Interfaced with the Data Conduit 88387 | -6/Data Miner | Build established: Scavenger-Mutant 88530 | -6/Data Miner | Entered Proximity Caves 88530 | -5/Proximity Caves | Accompanied by 1 ally (Warbot) 88593 | -5/Proximity Caves | Learned Factory trap positions 88736 | -5/Proximity Caves | Build established: Mutant 88743 | -5/Proximity Caves | Spotted B-75 Beast 88766 | -5/Proximity Caves | Allies destroyed B-75 Beast 89488 | -5/Proximity Caves | Learned location of 1 exit from Factory 90035 | -5/Proximity Caves | Attracted the attention of an 0b10 base 90123 | -5/Proximity Caves | Learned Extension garrison access intel 90123 | -5/Proximity Caves | Learned Armory security intel 90123 | -5/Proximity Caves | Learned Research stockpile data 90123 | -5/Proximity Caves | Learned location of 1 exit from Factory 90852 | -5/Proximity Caves | Discovered exit to Factory (range 15) 90873 | -5/Proximity Caves | Core integrity fell below 50% 91765 | -5/Proximity Caves | Build established: Golem 92423 | -5/Proximity Caves | Build established: Mutant 92432 | -5/Proximity Caves | Entered Factory 92432 | -5/Factory | Evolved 2 slots: Utility x2 92433 | -5/Factory | Identified exit to Upper Caves 92434 | -5/Factory | Identified exit to Factory 92435 | -5/Factory | Loaded intel: 101 trap records 92437 | -5/Factory | Loaded intel: 267 machine locations 92438 | -5/Factory | Loaded intel: 26 terminal locations 92439 | -5/Factory | Loaded intel: 4 garrison access locations 93127 | -5/Factory | Fabricated Quantum Capacitor (x2) 93405 | -5/Factory | Fabricated Combat Drone Bay? 93495 | -5/Factory | Entered Upper Caves 93781 | -5/Upper Caves | Learned Factory garrison access intel 93805 | -5/Upper Caves | Build established: Golem 94046 | -5/Upper Caves | Encountered a Warlord checkpoint 94122 | -5/Upper Caves | Build established: Mutant 94818 | -5/Upper Caves | Attracted the attention of an 0b10 checkpoint 95829 | -5/Upper Caves | Discovered new exit (range 10) 96062 | -5/Upper Caves | Entered another Upper Caves area 96062 | -5/Upper Caves | Accompanied by 2 allies 96184 | -5/Upper Caves | Discovered exit to Factory (range 5) 97737 | -5/Upper Caves | Discovered new exit (range 15) 97902 | -5/Upper Caves | Found Alien Artifact 97985 | -5/Upper Caves | Entered Zhirov 97985 | -5/Zhirov | Discovered new exit (range 3) 98018 | -5/Zhirov | Met Zhirov 98088 | -5/Zhirov | Zhirov requested help retrieving the SGEMP Prototype 98120 | -5/Zhirov | Found Alien Artifact 98120 | -5/Zhirov | Identified Integrated Dissipator 98120 | -5/Zhirov | Installed Integrated Dissipator, increased core heat dissipation (+20) 98175 | -5/Zhirov | Revealed the true nature of CR-A16's Pointy Stick 98493 | -5/Zhirov | Build established: Golem 98830 | -5/Zhirov | Found Alien Artifact 98987 | -5/Zhirov | Build established: Mutant 99028 | -5/Zhirov | Entered Proximity Caves 99028 | -4/Proximity Caves | Accompanied by 2 allies 99646 | -4/Proximity Caves | Learned Research stockpile data 99961 | -4/Proximity Caves | Discovered exit to Factory (range 25) 101001 | -4/Proximity Caves | Build established: Golem 101215 | -4/Proximity Caves | Entered Factory 101215 | -4/Factory | Evolved 2 slots: Utility x2 101216 | -4/Factory | Identified exit to Research 101217 | -4/Factory | Loaded intel: 282 machine locations 101218 | -4/Factory | Loaded intel: 4 garrison access locations 101408 | -4/Factory | Build established: Mutant 101763 | -4/Factory | Identified exit to Upper Caves 101763 | -4/Factory | Identified exit to Extension 101990 | -4/Factory | Spotted B-86 Titan 102183 | -4/Factory | Intercept squad dispatched 102201 | -4/Factory | Spotted Tracker 102202 | -4/Factory | Spotted Tracker 102209 | -4/Factory | Destroyed Tracker 102214 | -4/Factory | Destroyed Tracker 102229 | -4/Factory | Spotted Combat Programmer 102231 | -4/Factory | Spotted Combat Programmer 102232 | -4/Factory | Destroyed Combat Programmer 102238 | -4/Factory | Destroyed Combat Programmer 102283 | -4/Factory | Found Exp. Targeting Computer 102288 | -4/Factory | Destroyed 9 combat bots 102307 | -4/Factory | Build established: Golem 102375 | -4/Factory | Fabricated Assault Drone Bay (x1) 102581 | -4/Factory | Entered Upper Caves 103534 | -4/Upper Caves | Learned location of 1 exit from Research 103566 | -4/Upper Caves | Build established: Mutant 103903 | -4/Upper Caves | Learned Research emergency access door positions 103920 | -4/Upper Caves | Discovered new exit (range 12) 104188 | -4/Upper Caves | Attracted the attention of an 0b10 outpost 104228 | -4/Upper Caves | Destroyed 9 combat bots 104779 | -4/Upper Caves | Learned Research interactive machine intel 104780 | -4/Upper Caves | Attracted the attention of an 0b10 checkpoint 105972 | -4/Upper Caves | Build established: Golem 106137 | -4/Upper Caves | Entered another Upper Caves area 106137 | -4/Upper Caves | Accompanied by 2 allies 106401 | -4/Upper Caves | Discovered exit to Research (range 3) 108316 | -4/Upper Caves | Discovered new exit (range 20) 109185 | -4/Upper Caves | Encountered a Warlord checkpoint 109778 | -4/Upper Caves | Build established: Mutant 109778 | -4/Upper Caves | Entered Warlord 109778 | -4/Warlord | Accompanied by 4 allies 110047 | -4/Warlord | Discovered new exit (range 83) 110478 | -4/Warlord | Visited the Vortex Lab 110487 | -4/Warlord | Warlord's base attacked by MAIN.C 110494 | -4/Warlord | Found Prototype Energy Gun 110494 | -4/Warlord | Identified Vortex Rail 110565 | -4/Warlord | Met Warlord 110605 | -4/Warlord | Opened Warlord's prototype stash 110632 | -4/Warlord | Found Vortex Chain Reactor 110642 | -4/Warlord | Found Prototype Hackware 110742 | -4/Warlord | Spotted B-90 Cyclops 110750 | -4/Warlord | Destroyed B-90 Cyclops 110837 | -4/Warlord | Warlord forces counterattacked 110843 | -4/Warlord | Spotted Striker 110850 | -4/Warlord | Destroyed Striker 110857 | -4/Warlord | Spotted Striker 110863 | -4/Warlord | Destroyed Striker 110895 | -4/Warlord | Destroyed 9 combat bots 110908 | -4/Warlord | Spotted B-90 Cyclops 110909 | -4/Warlord | Spotted Striker 110922 | -4/Warlord | Destroyed Striker 110949 | -4/Warlord | Spotted Executioner 110955 | -4/Warlord | Spotted Striker 110995 | -4/Warlord | Entered Proximity Caves 110995 | -3/Proximity Caves | Accompanied by 2 allies 111415 | -3/Proximity Caves | Received a Behemoth hack from an annoying Tinkerer 112992 | -3/Proximity Caves | Discovered exit to Research (range 16) 113140 | -3/Proximity Caves | Spotted B-86 Titan 114133 | -3/Proximity Caves | Build established: Golem 114222 | -3/Proximity Caves | Found Imp. Powered Armor 114315 | -3/Proximity Caves | Entered Research 114315 | -3/Research | Evolved 2 slots: Utility x2 114316 | -3/Research | Identified exit to Quarantine 114319 | -3/Research | Loaded intel: 111 machine locations 114320 | -3/Research | Loaded intel: 46 interactive machine locations 114440 | -3/Research | Identified System Mapper 114442 | -3/Research | Identified exit to Armory 114738 | -3/Research | Build established: Hacker-Mutant 114792 | -3/Research | Spotted B-86 Titan 114880 | -3/Research | Destroyed B-86 Titan 114986 | -3/Research | Intercept squad dispatched 115001 | -3/Research | Spotted Tracker 115002 | -3/Research | Spotted Tracker 115003 | -3/Research | Destroyed Tracker 115016 | -3/Research | Found Exp. Targeting Computer 115027 | -3/Research | Spotted Combat Programmer 115032 | -3/Research | Destroyed Combat Programmer 115054 | -3/Research | Spotted Combat Programmer 115056 | -3/Research | Destroyed Combat Programmer 115066 | -3/Research | Destroyed Tracker 115154 | -3/Research | Build established: Hacker-Golem 115398 | -3/Research | Entered Armory 115400 | -3/Armory | Loaded intel: 85 machine locations 115503 | -3/Armory | Found Fusion Bomb Launcher 115563 | -3/Armory | Fabricated Prc. Matter Filter (x1) 115783 | -3/Armory | Fabricated Exp. Optical Array? 115784 | -3/Armory | Build established: Hacker-Mutant 116025 | -3/Armory | Repaired Broken System Purifier 116283 | -3/Armory | Found Adv. Force Booster 116317 | -3/Armory | Build established: Hacker-Golem 116334 | -3/Armory | Intercept squad dispatched 116337 | -3/Armory | Identified Transdimensional Reconstructor 116337 | -3/Armory | Warped through subspace to slip node 116337 | -3/Armory | Discovered new exit (range 1) 116340 | -3/Armory | Entered Lab 117058 | -3/Lab | Discovered new exit (range 9) 117097 | -3/Lab | Hidden lab's door opened automatically 117097 | -3/Lab | Sensor layout match revealed 117098 | -3/Lab | Gained access to the hidden lab's interior 117277 | -3/Lab | Found Prototype Special Weapon 117277 | -3/Lab | Identified Gui. Remote Datajack 117344 | -3/Lab | Detected by scanners 117355 | -3/Lab | Confronted by A5 117368 | -3/Lab | Destroyed A5 with code downloaded from Data Conduit 117396 | -3/Lab | Decrypted terminal 117396 | -3/Lab | Acquired modification code for an L2 power cell 117460 | -3/Lab | Found Prototype Energy Gun 117460 | -3/Lab | Identified Hyp. EM Gauss Rifle 117465 | -3/Lab | Found Prototype Energy Gun 117465 | -3/Lab | Identified Tachyon Dispersion Ray 117471 | -3/Lab | Found Prototype Protection 117471 | -3/Lab | Identified Hvy. Regenerative Plating 117529 | -3/Lab | Found Alien Artifact 117529 | -3/Lab | Identified Integrated Mediator 117529 | -3/Lab | Installed Integrated Mediator, increased core attachment efficiency. 117546 | -3/Lab | Found Alien Artifact 117755 | -3/Lab | Build established: Hacker-Mutant 118405 | -3/Lab | Build established: Hacker-Golem 118515 | -3/Lab | Decrypted terminal 118515 | -3/Lab | Found Alien Artifact 118515 | -3/Lab | Identified LC Capacitor 118587 | -3/Lab | Found Prototype Hackware 118695 | -3/Lab | Identified Quantum Router 118787 | -3/Lab | Entered Research 118787 | -2/Research | Warlord forces began assault on 0b10 118787 | -2/Research | Evolved 2 slots: Power x1, Weapon x1 118789 | -2/Research | Loaded intel: 93 machine locations 118897 | -2/Research | Research machine network offline 119038 | -2/Research | Borebot progress halted 119083 | -2/Research | Build established: Generator-Golem 119158 | -2/Research | Discovered new exit (range 18) 119172 | -2/Research | Discovered new exit (range 56) 119199 | -2/Research | Spotted Executioner 119200 | -2/Research | Spotted Executioner 119207 | -2/Research | Destroyed Executioner 119216 | -2/Research | Destroyed Executioner 119246 | -2/Research | Identified exit to Access 119288 | -2/Research | Borebot progress halted 119337 | -2/Research | Found Prototype Device 119337 | -2/Research | Identified Vortex Field Projector 119364 | -2/Research | Spotted Striker 119364 | -2/Research | Destroyed Executioner 119370 | -2/Research | Destroyed Striker 119452 | -2/Research | Identified exit to Testing 119509 | -2/Research | Found Tactical Quantum Warhead 119617 | -2/Research | Entered Testing 119618 | -2/Testing | Loaded intel: 74 machine locations 119665 | -2/Testing | Destroyed PY-VOUH5452ZR 119824 | -2/Testing | Garrison activated, responded to threat 120340 | -2/Testing | Discovered exit to Access (range 61) 120550 | -2/Testing | Found Prototype Ballistic Cannon 120596 | -2/Testing | Found Prototype Launcher 120657 | -2/Testing | First assault squad dispatched 120773 | -2/Testing | Found Exp. Transmission Jammer 120846 | -2/Testing | Found System Mapper 120910 | -2/Testing | Identified Perforator 121036 | -2/Testing | Spotted Fortress 121068 | -2/Testing | Intercept squad dispatched 121112 | -2/Testing | Spotted Tracker 121113 | -2/Testing | Spotted Tracker 121113 | -2/Testing | Identified Z-bomb Delivery System 121115 | -2/Testing | Destroyed Tracker 121115 | -2/Testing | Destroyed Tracker 121167 | -2/Testing | Spotted Combat Programmer 121178 | -2/Testing | Spotted Combat Programmer 121183 | -2/Testing | Destroyed Combat Programmer 121195 | -2/Testing | Destroyed Combat Programmer 121200 | -2/Testing | Discovered new exit (range 6) 121211 | -2/Testing | Identified exit to Section 7 121468 | -2/Testing | Entered Section 7 121469 | -2/Section 7 | Loaded intel: 149 machine locations 121471 | -2/Section 7 | Activated Chronowheel 121471 | -2/Section 7 | Spacetime reconverged on an earlier point 121538 | -2/Section 7 | Found Alien Artifact 121692 | -2/Section 7 | Found Alien Artifact 121763 | -2/Section 7 | First assault squad dispatched 121868 | -2/Section 7 | Identified Microwarp Drive 121874 | -2/Section 7 | Spotted S7 Guard 121875 | -2/Section 7 | Found Alien Artifact 121877 | -2/Section 7 | Identified Core Membrane 121877 | -2/Section 7 | Installed Core Membrane, gained immunity to corruption 121987 | -2/Section 7 | Identified Spacefold Activator 122028 | -2/Section 7 | Spotted S7 Guard 122051 | -2/Section 7 | Identified Dimensional Node Initializer 122051 | -2/Section 7 | Initialized slip node 122074 | -2/Section 7 | Spotted Executioner 122074 | -2/Section 7 | Spotted Executioner 122105 | -2/Section 7 | Found Transdimensional Reconstructor 122108 | -2/Section 7 | Found Transdimensional Reconstructor 122122 | -2/Section 7 | Found Alien Energy Cannon 122123 | -2/Section 7 | Installed L-Cannon capacitor 122348 | -2/Section 7 | Intercept squad dispatched 122358 | -2/Section 7 | Spotted Tracker 122359 | -2/Section 7 | Spotted Tracker 122363 | -2/Section 7 | Warped through subspace to slip node 122480 | -2/Section 7 | Core integrity fell below 50% 122594 | -2/Section 7 | Spotted B-90 Cyclops 122666 | -2/Section 7 | Spotted Combat Programmer 122674 | -2/Section 7 | Spotted S7 Guard 122689 | -2/Section 7 | Found Alien Artifact 122690 | -2/Section 7 | Destroyed Combat Programmer 122742 | -2/Section 7 | Found Alien Artifact 122742 | -2/Section 7 | Identified Integrated Reactor 122742 | -2/Section 7 | Installed Integrated Reactor, increased core energy generation (+10) 122768 | -2/Section 7 | Core integrity fell below 20% 122776 | -2/Section 7 | Entered Access 122776 | -1/Access | Evolved 2 slots: Propulsion x1, Weapon x1 122777 | -1/Access | Loaded intel: 103 machine locations 122839 | -1/Access | Spotted B-99 Colossus 122888 | -1/Access | Destroyed B-99 Colossus 123052 | -1/Access | First assault squad dispatched 123580 | -1/Access | Intercept squad dispatched 123596 | -1/Access | Spotted Tracker 123597 | -1/Access | Spotted Tracker 123599 | -1/Access | Destroyed Tracker 123609 | -1/Access | Destroyed Tracker 123633 | -1/Access | High security lockdown imminent 123655 | -1/Access | Spotted Combat Programmer 123656 | -1/Access | Destroyed Combat Programmer 123657 | -1/Access | Spotted Combat Programmer 123713 | -1/Access | High security lockdown engaged 123716 | -1/Access | Discovered new exit (range 6) 123723 | -1/Access | Identified exit to Command 123725 | -1/Access | Entered Command 123726 | -1/Command | Loaded intel: 57 machine locations 123739 | -1/Command | Phase Generator disabled 124011 | -1/Command | First assault squad dispatched 124029 | -1/Command | High security lockdown imminent 124109 | -1/Command | High security lockdown engaged 124221 | -1/Command | Destroyed 14 combat bots 124305 | -1/Command | Destroyed Investigator 124363 | -1/Command | Destroyed 17 combat bots 124433 | -1/Command | Destroyed Striker 124437 | -1/Command | Spotted Striker 124439 | -1/Command | Spotted Executioner 124439 | -1/Command | Destroyed Striker 124442 | -1/Command | Destroyed Executioner 124444 | -1/Command | Spotted Executioner 124448 | -1/Command | Destroyed Executioner 124486 | -1/Command | Destroyed 23 combat bots 124630 | -1/Command | Spotted Striker 124630 | -1/Command | Spotted Striker 124630 | -1/Command | Spotted Striker 124635 | -1/Command | Destroyed Striker 124638 | -1/Command | Destroyed Striker 124640 | -1/Command | Spotted Striker 124640 | -1/Command | Spotted Executioner 124640 | -1/Command | Spotted Investigator 124641 | -1/Command | Scanned by Researcher 124641 | -1/Command | Destroyed Investigator 124644 | -1/Command | Destroyed Striker 124647 | -1/Command | Destroyed Executioner 124654 | -1/Command | Destroyed Striker 124668 | -1/Command | Spotted Executioner 124670 | -1/Command | Spotted Executioner 124670 | -1/Command | Spotted Striker 124670 | -1/Command | Spotted Executioner 124672 | -1/Command | Destroyed Executioner 124672 | -1/Command | Destroyed Striker 124674 | -1/Command | Destroyed Executioner 124680 | -1/Command | Destroyed Executioner 124695 | -1/Command | Spotted Executioner 124695 | -1/Command | Spotted Executioner 124707 | -1/Command | Destroyed Executioner 124711 | -1/Command | Destroyed Executioner 124735 | -1/Command | Destroyed 33 combat bots 124740 | -1/Command | Build established: Generator-Mutant 124912 | -1/Command | Spotted Striker 124912 | -1/Command | Spotted Striker 124912 | -1/Command | Spotted Striker 124913 | -1/Command | Spotted Striker 124913 | -1/Command | Destroyed Striker 124916 | -1/Command | Destroyed Striker 124919 | -1/Command | Destroyed Striker 124927 | -1/Command | Spotted Striker 124928 | -1/Command | Spotted Executioner 124928 | -1/Command | Destroyed Executioner 124930 | -1/Command | Spotted Striker 124933 | -1/Command | Spotted Executioner 124933 | -1/Command | Spotted Striker 124933 | -1/Command | Spotted Striker 124939 | -1/Command | Spotted Striker 124941 | -1/Command | Destroyed Striker 124944 | -1/Command | Destroyed Striker 124944 | -1/Command | Destroyed Striker 124945 | -1/Command | Spotted Investigator 124947 | -1/Command | Identified Integrity Redistributor 124947 | -1/Command | Used Integrity Redistributor, redistributed integrity from core (-413) 124948 | -1/Command | Core integrity fell below 50% 124955 | -1/Command | Destroyed Investigator 124966 | -1/Command | Destroyed Striker 124969 | -1/Command | Destroyed Striker 124991 | -1/Command | Lost 3 parts (3u) 124999 | -1/Command | Destroyed 37 combat bots 125245 | -1/Command | Spotted Executioner 125245 | -1/Command | Spotted Striker 125245 | -1/Command | Spotted Striker 125245 | -1/Command | Spotted Investigator 125251 | -1/Command | Destroyed Investigator 125254 | -1/Command | Destroyed Executioner 125267 | -1/Command | Destroyed Striker 125273 | -1/Command | Destroyed Striker 125294 | -1/Command | Destroyed 11 combat bots 126736 | -1/Command | Found Prototype Launcher 126736 | -1/Command | Identified Containment Facilitator 127767 | -1/Command | Build established: Generator-Assassin 128413 | -1/Command | Build established: Generator-Skirmisher 129775 | -1/Command | Build established: Generator-Golem 130621 | -1/Command | Spotted B-99 Colossus 130710 | -1/Command | Destroyed B-99 Colossus 131100 | -1/Command | Build established: Generator-Skirmisher 131461 | -1/Command | Build established: Generator-Mutant 131725 | -1/Command | Spotted B-99 Colossus 131729 | -1/Command | Destroyed B-99 Colossus 132626 | -1/Command | Build established: Generator-Skirmisher 134568 | -1/Command | Build established: Generator-Mutant 135898 | -1/Command | Build established: Generator-Golem 137072 | -1/Command | Build established: Generator-Skirmisher 138023 | -1/Command | Found Prototype Ballistic Gun 138023 | -1/Command | Identified Multirail 138424 | -1/Command | Build established: Generator-Golem 139159 | -1/Command | Build established: Generator-Gunner 140457 | -1/Command | Build established: Generator-Skirmisher 140543 | -1/Command | Spotted Executioner 140550 | -1/Command | Spotted Striker 140553 | -1/Command | Spotted Alpha 7 140812 | -1/Command | Spotted Striker 140821 | -1/Command | Spotted Alpha 7 140832 | -1/Command | Destroyed Striker 140868 | -1/Command | Spotted Executioner 140890 | -1/Command | Destroyed Striker 140900 | -1/Command | Destroyed Executioner 140903 | -1/Command | Destroyed Executioner 140934 | -1/Command | Destroyed Alpha 7 141180 | -1/Command | Build established: Generator-Golem 141356 | -1/Command | Spotted Executioner 141361 | -1/Command | Destroyed Executioner 141381 | -1/Command | Destroyed Alpha 7 141433 | -1/Command | Spotted Executioner 141445 | -1/Command | Destroyed Executioner 141449 | -1/Command | Spotted B-99 Colossus 142202 | -1/Command | Build established: Generator-Tank 142675 | -1/Command | Spotted B-99 Colossus 142677 | -1/Command | Destroyed B-99 Colossus 142680 | -1/Command | Destroyed B-99 Colossus 142706 | -1/Command | Discovered new exit (range 5) 142872 | -1/Command | Found Exp. Targeting Computer 142875 | -1/Command | Found Exp. Targeting Computer 143408 | -1/Command | Found Exp. Core Analyzer 143592 | -1/Command | Found Quantum Capacitor 143705 | -1/Command | Build established: Generator-Gunner 144152 | -1/Command | Found Exp. Targeting Computer 144946 | -1/Command | Fired L-Cannon 144946 | -1/Command | 0b10 Conduit disabled 144949 | -1/Command | MAIN.C activated Command garrisons 145014 | -1/Command | Fired L-Cannon 145014 | -1/Command | Destroyed MAIN.C 145047 | -1/Command | Discovered new exit (range 180) 145047 | -1/Command | Discovered new exit (range 87) 145047 | -1/Command | Extracted map data and part IDs from MAIN.C's data core 147367 | -1/Command | All MAIN.C guards destroyed 152121 | -1/Command | Found Omega Cannon 152731 | -1/Command | Build established: Generator-Mutant 154786 | -1/Command | Build established: Generator-Tank 156297 | -1/Command | Found Exp. Shock Absorption System 156305 | -1/Command | Found Zero-point Reactor 156311 | -1/Command | Found Exp. Targeting Computer 156317 | -1/Command | Found Exp. Powered Armor 156323 | -1/Command | Found Exp. Powered Armor 157071 | -1/Command | Found Centrium Heavy Armor Plating 157386 | -1/Command | Build established: Generator-Mutant 157799 | -1/Command | Found Adv. Kinecellerator 157805 | -1/Command | Found Exp. Armor Integrity Analyzer 158298 | -1/Command | Found Singularity Reactor 158304 | -1/Command | Found Vortex Chain Reactor 158307 | -1/Command | Found Vortex Chain Reactor 158798 | -1/Command | Found Multirail 160028 | -1/Command | Build established: Generator-Tank 161606 | -1/Command | Found Exp. Core Analyzer 161615 | -1/Command | Found Exp. Target Analyzer 161623 | -1/Command | Found Exp. Core Analyzer 163716 | -1/Command | Build established: Generator-Mutant 165682 | -1/Command | Build established: Scavenger-Mutant 165879 | -1/Command | Warped through subspace to slip node 165879 | -1/Command | Discovered new exit (range 4) 165880 | -1/Command | Core integrity fell below 20% 165893 | -1/Command | Entered Access_0 165894 | -1/Access_0 | Loaded intel: 53 machine locations 165894 | -1/Access_0 | Met Architect 165894 | -1/Access_0 | Destroyed A8 with code downloaded from Data Conduit 165899 | -1/Access_0 | Architect warped through subspace 165915 | -1/Access_0 | Fired L-Cannon 165915 | -1/Access_0 | Subspace Access Node disabled 165915 | -1/Access_0 | Singularity Gate disabled 165925 | -1/Access_0 | Fired L-Cannon 165925 | -1/Access_0 | Subspace Access Node disabled 165951 | -1/Access_0 | Architect warped through subspace 165954 | -1/Access_0 | Fired L-Cannon 165954 | -1/Access_0 | Subspace Access Node disabled 165964 | -1/Access_0 | Fired L-Cannon 165964 | -1/Access_0 | Subspace Access Node disabled 165982 | -1/Access_0 | Fired L-Cannon 165982 | -1/Access_0 | Destroyed Architect 166016 | -1/Access_0 | Spotted Enhanced Programmer 166183 | -1/Access_0 | Spotted Enhanced Programmer 166186 | -1/Access_0 | Destroyed Enhanced Programmer 166237 | -1/Access_0 | Spotted Enhanced Programmer 166240 | -1/Access_0 | Destroyed Enhanced Programmer 166254 | -1/Access_0 | Found Hpw. Transdimensional Reconstructor 166255 | -1/Access_0 | Extracted unknown sensor trigger ID from Architect's data core 166262 | -1/Access_0 | Found Alien Energy Gun 166262 | -1/Access_0 | Identified Modified Sigix Sheargun 166273 | -1/Access_0 | Found Prototype Hackware 166273 | -1/Access_0 | Identified Architect God Chip A 166298 | -1/Access_0 | Build established: Generator-Mutant 166320 | -1/Access_0 | Spotted Enhanced Programmer 166459 | -1/Access_0 | Found Exp. Weapon Cycler 166561 | -1/Access_0 | Spotted Enhanced Programmer 166562 | -1/Access_0 | Destroyed Enhanced Programmer 166564 | -1/Access_0 | Spotted Enhanced Programmer 166735 | -1/Access_0 | Build established: Scavenger-Mutant 166843 | -1/Access_0 | A6 warped into view 166859 | -1/Access_0 | Destroyed A6 167107 | -1/Access_0 | Spotted Enhanced Programmer 167110 | -1/Access_0 | Destroyed Enhanced Programmer 167242 | -1/Access_0 | Spotted Enhanced Programmer 167243 | -1/Access_0 | Destroyed Enhanced Programmer 167285 | -1/Access_0 | Found Thermal Barrier 167361 | -1/Access_0 | Spotted Enhanced Programmer 167365 | -1/Access_0 | Destroyed Enhanced Programmer 167379 | -1/Access_0 | Destroyed Enhanced Programmer 168252 | -1/Access_0 | Destroyed Enhanced Programmer 168930 | -1/Access_0 | Destroyed Enhanced Programmer 169122 | -1/Access_0 | A4 warped into view 169140 | -1/Access_0 | Destroyed A4 169266 | -1/Access_0 | Found Exp. Cloaking Device 169273 | -1/Access_0 | Found Exp. Cloaking Device 170839 | -1/Access_0 | Found Spectral Analyzer 171126 | -1/Access_0 | Build established: Generator-Mutant 171269 | -1/Access_0 | Spotted Enhanced Programmer 171271 | -1/Access_0 | Destroyed Enhanced Programmer 171424 | -1/Access_0 | A3 warped into view 171436 | -1/Access_0 | Destroyed A3 172561 | -1/Access_0 | Found Exp. Powered Armor 174202 | -1/Access_0 | Found Exp. Target Analyzer 174541 | -1/Access_0 | Found Exp. Phase Shifter 175980 | -1/Access_0 | Found Integrity Redistributor 175980 | -1/Access_0 | Used Integrity Redistributor, redistributed integrity to core (+998) 176023 | -1/Access_0 | Build established: Generator-Gunner 176302 | -1/Access_0 | Destroyed A2 176359 | -1/Access_0 | Found Sigix Corpse 176425 | -1/Access_0 | Extracted Singularity Gate Test 138-C access codes from A2's data core 176583 | -1/Access_0 | Found Integrated Mediator 176583 | -1/Access_0 | Installed Integrated Mediator, increased core attachment efficiency. 176620 | -1/Access_0 | Build established: Generator-Mutant 176810 | -1/Access_0 | Found Hpw. Transdimensional Reconstructor 177429 | -1/Access_0 | Build established: Generator-Gunner 177612 | -1/Access_0 | Found Integrated Reactor 177612 | -1/Access_0 | Installed Integrated Reactor, increased core energy generation (+10) 177667 | -1/Access_0 | Warped through subspace to slip node 177667 | -1/Access_0 | Discovered new exit (range 8) 177669 | -1/Access_0 | Warped through subspace to slip node 177688 | *** | Establishing 0b11! Last Messages --------------- 77135_ HV Slug penetrates Wall. 77135_ HV Slug penetrates Enhanced Grunt. 77135_ Enhanced Grunt suffers critical hit (Destroy). 77135_ Enhanced Grunt destroyed. 77135_ HV Slug penetrates Wall. 77137_ Wall collapses. 77142_ Ended siege mode. 77143_ Acquired 85 matter. 77143_ Acquired 100 matter. 77143_ Acquired 105 matter. 77415_ Connecting with Gate Controls... 77608_ Dropped Exp. Weapon Cycler. 77613_ Acquired Integrated Reactor. 77613_ Integrated Reactor installed, core energy generation increased (+10). 77620_ Acquired Exp. Weapon Cycler. 77668_ Warped through subspace, drawn to slip node. 77668_ EXIT=FOUND 77670_ Warped through subspace, drawn to slip node. 77672_ Discarded Exp. Targeting Computer. Map ----- +----------------------------------------------------+ | | | | | | | | | | | | | | | | | | | | | | | | | | | | | | | | | ?????????????????????????????????????????????????? | | ?????????????????????????????????????????????????? | | ?????????????????????????????????????????????????? | | ?????????????????????????????????????????????????? | | ?????????????????????????????????????????????????? | | ?????????????????????????????????????????????????? | | ????????????????????????###??????????????????????? | | ???????????????????????## ##?????????????????????? | | ???????????????????????# #?????????????????????? | | ???????????????????????# @ #?????????????????????? | | ??????????????????????## #?????????????????????? | | ??????????????????????# #?????????????????????? | | ??????????????????????# ##?????????????????????? | | ??????????????????????## #?????????????????????? | | ??????????????????????# #?????????????????????? | | ??????????????????????# ##?????????????????????? | | ??????????????????????# < #?????????????????????? | | ??????????????????????# ##?????????????????????? | | ??????????????????????## #??????????????????????? | | ???????????????????????####??????????????????????? | | ?????????????????????????????????????????????????? | | ?????????????????????????????????????????????????? | | ?????????????????????????????????????????????????? | | ?????????????????????????????????????????????????? | | ?????????????????????????????????????????????????? | | ?????????????????????????????????????????????????? | | ?????????????????????????????????????????????????? | | ?????????????????????????????????????????????????? | | ?????????????????????????????????????????????????? | | ?????????????????????????????????????????????????? | | ?????????????????????????????????????????????????? | | ?????????????????????????????????????????????????? | | ?????????????????????????????????????????????????? | | ?????????????????????????????????????????????????? | +----------------------------------------------------+ Best States ------------- Heat Dissipation 162 Energy Generation 95 Energy Capacity 3100 Matter Stores 1534 Matter Capacity 1800 Sight Range 24 Robot Scan Range 18 Terrain Scan Range 20 Terrain Scan Density 210 Jamming Range 22 Cloak Strength 5 Additional Mass Support 20 Armor Coverage 3000 Resistance: KI 15 Resistance: TH 50 Resistance: EX 90 Resistance: EM 15 Resistance: I 15 Resistance: S 15 Resistance: P 15 Weapon Shielding 100 Weapon Cycling 30 Phase Shifting 8 Evasion (%) 55 Targeting Accuracy 32 Melee Accuracy 6 Target Analysis 10 Core Analysis 8 Armor Integrity Analysis 50 Recoil Reduction 4 Matter Filtering 50 Energy Filtering 30 Particle Charging 30 Kinecelleration 50 Force Boost 40 Salvage Targeting 1 Offensive Hacking 20 Defensive Hacking 16 Authchip Count 1 Trap Extractor Capacity 4 Item Schematics ----------------- Hcp. Storage Unit | -10/Materials | Hacked Signal Interpreter | -10/Materials | Hacked Sensor Array | -9/Materials | Hacked Wheel | -9/Materials | Hacked Cmb. Antigrav System | -8/Materials | Scanalyzed Combat Drone Bay | -6/Data Miner | Free Lgt. Regenerative Plating | -6/Data Miner | Free Cld. Nuclear Pulse Thruster | -6/Data Miner | Free Prc. Matter Filter | -6/Data Miner | Free Ionic Axe | -6/Data Miner | Free Field Propulsion Array | -6/Data Miner | Free Quantum Capacitor | -6/Data Miner | Free Railgun | -6/Data Miner | Free Impulse Thruster Array | -6/Data Miner | Free Assault Drone Bay | -5/Zhirov | Free Exp. Heat Sink | -5/Zhirov | Free Exp. Optical Array | -5/Zhirov | Free Imp. Arc Thrower | -5/Zhirov | Free Robot Schematics ------------------ G-50 Soldier | -6/Data Miner | Free Y-54 Guardian | -6/Data Miner | Free B-60 Warrior | -6/Data Miner | Free C-35 Carver | -6/Data Miner | Free Fabricated ------------ Quantum Capacitor | x2 | -5/Factory Combat Drone Bay | x1 | -5/Factory Assault Drone Bay | x1 | -4/Factory Prc. Matter Filter | x1 | -3/Armory Exp. Optical Array | x1 | -3/Armory Alien Tech Used ----------------- Core Expander Integrated Dissipator Transdimensional Reconstructor Integrated Mediator LC Capacitor Microwarp Drive Core Membrane Spacefold Activator Dimensional Node Initializer Integrated Reactor Integrity Redistributor L-Cannon Modified Sigix Sheargun High-powered Transdimensional Reconstructor Achievements -------------- None Challenges ------------ None Game ------ Seed CarbideUtilityArchive Manual? 0 Play Time 16:36:22 Cumulative 549.6 hours Start 2022.08.18 @ 01:20:01 End 2022.10.01 @ 02:25:09 Sessions 34 Manual Loads 0 Difficulty Rogue Special Mode None Game No. 50 Rogue 40 Adventurer 5 Explorer 5 Win Type 1 Total 22 Types 6/5/4/0/3/1/2/0/1 Lore% 86 Gallery% 93 Achievement% 83 Wizard Run 0 Options --------- ASCII 0 Keyboard 1 Movement Arrows Keybinds 0 Fullscreen 2 Font 18/SmallcapsGlow Map View 76x50 Tactical HUD 1 Map Filters NONE Filters NONE Steam 1 RUN: 8017aa9c-d4f5-4055-8269-4f4f694e917e